Workbook

Sheet Índice
A2: Índice
A4: CUADROS RESUMEN
A6: ATR-R1 | B6: Accidentes de trabajo
A8: ACCIDENTES DE TRABAJO CON BAJA, EN JORNADA E IN ITINERE, SEGÚN GRAVEDAD
A10: ATR-R1 | B10: Accidetes de trabajo con baja
A11: ATR-A2.1 | B11: Accidentes en jornada de trabajo: Por sector, sección y división de actividad económica. Total
A12: ATR-A2.2 | B12: Accidentes en jornada de trabajo: Por sector, sección y división de actividad económica. Trabajadores por cuenta propia
A13: ATR-A2.3 | B13: Accidentes en jornada de trabajo: Por sector, sección y división de actividad económica. Asalariados
A14: ATR-A2_II | B14: Accidentes In Intinere: Por sector, sección y división de actividad económica
A15: ATR-A3 | B15: Accidentes en jornada de trabajo: Por sexo y edad del trabajador accidentado
A16: ATR-A3_II | B16: Accidentes In Intinere: Por sexo y edad del trabajador accidentado
A17: ATR-A4 | B17: Accidentes en jornada de trabajo: Por grandes grupos de ocupación
A18: ATR-A4_II | B18: Accidentes In Intinere: Por grandes grupos de ocupación
A19: ATR-A5 | B19: Accidentes en jornada de trabajo: Por tipo de lugar donde se encontraba el trabajador accidentado
A20: ATR-A5_II | B20: Accidentes In Intinere: Por tipo de lugar donde se encontraba el trabajador accidentado
A21: ATR-A6 | B21: Accidentes en jornada de trabajo: Por actividad física específica que desempeñaba el trabajador accidentado
... A36: ATR-A13_II | B36: Accidentes In Intinere según relación laboral del accidentado
A37: ÍNDICES DE INCIDENCIA DE ACCIDENTES DE TRABAJO CON BAJA EN JORNADA
A39: ATR-I2.1 | B39: Por sector y sección de actividad económica. Total
A40: ATR-I2.2 | B40: Por sector y sección de actividad económica. Asalariados
A41: ATR-I2.3 | B41: Por sector y sección de actividad económica. Trabajadores por cuenta propia
A43: ANEXOS
A45: TAS | B45: Clasificación contenida en Orden TAS/2926/2002, de 19 de noviembre
A46: CNAE-09 | B46: Clasificación Nacional de Actividades Económicas
A47: CNO11 | B47: Clasifiocación Nacional de Ocupaciones
A48: FUENTES Y NOTAS EXPLICATIVAS
A50: ATR-FN | B50: Fuentes y notas explicativas

Sheet ATR-R1
A1: ACCIDENTES DE TRABAJO | F1: Volver al índice
A3: ATR-A1. ACCIDENTES DE TRABAJO CON BAJA
A6: enero-agosto 2022
C7: VALORES ABSOLUTOS | E7: VARIACIONES SOBRE IGUAL PERIODO AÑO ANTERIOR
C8: 2021 | D8: 2022 | E8: Absolutas | F8: Relativas en %
A9: ACCIDENTES QUE HAN CAUSADO BAJA EN EL PERIODO DE REFERENCIA (1)
A10: Total | C10: 3031 | D10: =SUM(D11:D12) -> 4129 | E10: =D10-C10 -> 1098 | F10: =((D10/C10)-1) -> 0.36225668
B11: En jornada de trabajo | C11: 2769 | D11: ='ATR-A2.1'!F9 -> 3855 | E11: =D11-C11 -> 1086 | F11: =((D11/C11)-1) -> 0.39219935
B12: In itinere | C12: 262 | D12: ='ATR-A2_II'!F9 -> 274 | E12: =D12-C12 -> 12 | F12: =((D12/C12)-1) -> 0.045801527
B14: Asalariados | C14: 2586 | D14: ='ATR-A2.2'!F9 -> 3649 | E14: =D14-C14 -> 1063 | F14: =((D14/C14)-1) -> 0.41105955
B15: Trabajadores por cuenta propia | C15: 183 | D15: =D11-D14 -> 206 | E15: =D15-C15 -> 23 | F15: =((D15/C15)-1) -> 0.12568306
A17: ACCIDENTES EN JORNADA DE TRABAJO
A18: Gravedad
B19: Leves | C19: 2738 | D19: ='ATR-A2.1'!C9 -> 3833 | E19: =D19-C19 -> 1095 | F19: =((D19/C19)-1) -> 0.39992695
B20: Graves | C20: 27 | D20: ='ATR-A2.1'!D9 -> 17 | E20: =D20-C20 -> -10 | F20: =((D20/C20)-1) -> -0.37037037
B21: Mortales | C21: 4 | D21: ='ATR-A2.1'!E9 -> 5 | E21: =D21-C21 -> 1 | F21: =((D21/C21)-1) -> 0.25
A23: Sexo
B24: Varones | C24: 1961 | D24: ='ATR-A3'!E23 -> 2244 | E24: =D24-C24 -> 283 | F24: =((D24/C24)-1) -> 0.14431413
B25: Mujeres | C25: 808 | D25: ='ATR-A3'!E37 -> 1604 | E25: =D25-C25 -> 796 | F25: =((D25/C25)-1) -> 0.98514851
A27: Forma o contacto que produjo la lesión
B28: Sobreesfuerzo físico sobre el sistema musculoesquelético | C28: 1039 | D28: 1134 | E28: =D28-C28 -> 95 | F28: =((D28/C28)-1) -> 0.091434071
B29: Choque contra objeto inmóvil | C29: 668 | D29: 728 | E29: =D29-C29 -> 60 | F29: =((D29/C29)-1) -> 0.089820359
B30: Choque contra objetos en movimiento | C30: 438 | D30: 491 | E30: =D30-C30 -> 53 | F30: =((D30/C30)-1) -> 0.12100457
B31: Contacto con agente material cortante, punzante o duro | C31: 290 | D31: 346 | E31: =D31-C31 -> 56 | F31: =((D31/C31)-1) -> 0.19310345
B32: Otras causas | C32: 334 | D32: =D11-SUM(D28:D31) -> 1156 | E32: =D32-C32 -> 822 | F32: =((D32/C32)-1) -> 2.4610778
A34: Sección de actividad
B35: A - Agricultura, ganadería, silvicultura y pesca | C35: 181 | D35: ='ATR-I2.1'!D18 -> 161 | E35: =D35-C35 -> -20 | F35: =((D35/C35)-1) -> -0.11049724
B36: B - Industrias extractivas | C36: 5 | D36: ='ATR-I2.1'!D19 -> 8 | E36: =D36-C36 -> 3 | F36: =((D36/C36)-1) -> 0.6
B37: C - Industria manufacturera | C37: 783 | D37: ='ATR-I2.1'!D20 -> 855 | E37: =D37-C37 -> 72 | F37: =((D37/C37)-1) -> 0.091954023
B38: E - Suministro de agua, saneamiento, gestión residuos | C38: 40 | D38: ='ATR-I2.1'!D22 -> 43 | E38: =D38-C38 -> 3 | F38: =((D38/C38)-1) -> 0.075
B39: F - Construcción | C39: 402 | D39: ='ATR-I2.1'!D23 -> 464 | E39: =D39-C39 -> 62 | F39: =((D39/C39)-1) -> 0.15422886
B40: G - Comercio al por mayor y menor; reparación de vehículos a motor | C40: 314 | D40: ='ATR-I2.1'!D24 -> 334 | E40: =D40-C40 -> 20 | F40: =((D40/C40)-1) -> 0.063694268
B41: H - Transporte y almacenamiento | C41: 137 | D41: ='ATR-I2.1'!D25 -> 132 | E41: =D41-C41 -> -5 | F41: =((D41/C41)-1) -> -0.03649635
B42: I - Hostelería | C42: 125 | D42: ='ATR-I2.1'!D26 -> 182 | E42: =D42-C42 -> 57 | F42: =((D42/C42)-1) -> 0.456
B43: N - Actividades administrativas y servicios auxiliares | C43: 258 | D43: ='ATR-I2.1'!D31 -> 275 | E43: =D43-C43 -> 17 | F43: =((D43/C43)-1) -> 0.065891473
B44: O - Administración Pública y defensa; Seguridad social obligatoria | C44: 121 | D44: ='ATR-I2.1'!D32 -> 139 | E44: =D44-C44 -> 18 | F44: =((D44/C44)-1) -> 0.14876033
B45: Q - Actividades sanitarias y de servicios sociales | C45: 284 | D45: ='ATR-I2.1'!D34 -> 1118 | E45: =D45-C45 -> 834 | F45: =((D45/C45)-1) -> 2.9366197
B46: Resto de secciones de actividad (D, J, K, L, M, P, R, S, T, U) | C46: 119 | D46: =D11-SUM(D35:D45) -> 144 | E46: =D46-C46 -> 25 | F46: =((D46/C46)-1) -> 0.21008403
A48: ÍNDICES DE INCIDENCIA DE ACCIDENTES EN JORNADA DE TRABAJO
A49: Sección de actividad
B50: Total | C50: 276.05747 | D50: ='ATR-I2.1'!I9 -> 373.15817 | E50: =D50-C50 -> 97.100694 | F50: =((D50/C50)-1) -> 0.35174086
B51: A - Agricultura, ganadería, silvicultura y pesca | C51: 315.95301 | D51: ='ATR-I2.1'!I18 -> 287.94735 | E51: =D51-C51 -> -28.005662 | F51: =((D51/C51)-1) -> -0.088638693
B52: B - Industrias extractivas | C52: 454.54545 | D52: ='ATR-I2.1'!I19 -> 709.84916 | E52: =D52-C52 -> 255.3037 | F52: =((D52/C52)-1) -> 0.56166815
B53: C - Industria manufacturera | C53: 397.24214 | D53: ='ATR-I2.1'!I20 -> 422.89259 | E53: =D53-C53 -> 25.65045 | F53: =((D53/C53)-1) -> 0.064571323
B54: E - Suministro de agua, saneamiento, gestión residuos | C54: 459.08413 | D54: ='ATR-I2.1'!I22 -> 478.8952 | E54: =D54-C54 -> 19.811073 | F54: =((D54/C54)-1) -> 0.043153469
B55: F - Construcción | C55: 588.70909 | D55: ='ATR-I2.1'!I23 -> 674.34999 | E55: =D55-C55 -> 85.640907 | F55: =((D55/C55)-1) -> 0.14547237
B56: G - Comercio al por mayor y menor; reparación de vehículos a motor | C56: 205.57945 | D56: ='ATR-I2.1'!I24 -> 216.74097 | E56: =D56-C56 -> 11.161516 | F56: =((D56/C56)-1) -> 0.054292955
B57: H - Transporte y almacenamiento | C57: 375.80579 | D57: ='ATR-I2.1'!I25 -> 356.74711 | E57: =D57-C57 -> -19.058673 | F57: =((D57/C57)-1) -> -0.050714155
B58: I - Hostelería | C58: 184.09697 | D58: ='ATR-I2.1'!I26 -> 234.97211 | E58: =D58-C58 -> 50.875146 | F58: =((D58/C58)-1) -> 0.27634972
B59: N - Actividades administrativas y servicios auxiliares | C59: 455.34769 | D59: ='ATR-I2.1'!I31 -> 467.71094 | E59: =D59-C59 -> 12.36325 | F59: =((D59/C59)-1) -> 0.02715123
B60: O - Administración Pública y defensa; Seguridad social obligatoria | C60: 218.45493 | D60: ='ATR-I2.1'!I32 -> 248.71171 | E60: =D60-C60 -> 30.256781 | F60: =((D60/C60)-1) -> 0.13850354
B61: Q - Actividades sanitarias y de servicios sociales | C61: 297.29192 | D61: ='ATR-I2.1'!I34 -> 1127.6527 | E61: =D61-C61 -> 830.36079 | F61: =((D61/C61)-1) -> 2.7930822
A63: ACCIDENTES IN ITINERE
A64: Gravedad
B65: Leves | C65: 260 | D65: ='ATR-A2_II'!C9 -> 272 | E65: =D65-C65 -> 12 | F65: =((D65/C65)-1) -> 0.046153846
B66: Graves | C66: 1 | D66: ='ATR-A2_II'!D9 -> 2 | E66: =D66-C66 -> 1 | F66: =((D66/C66)-1) -> 1
B67: Mortales | C67: 1 | D67: ='ATR-A2_II'!E9 -> 0 | E67: 0 | F67: =((D67/C67)-1) -> -1
A69: Sexo
B70: Varones | C70: 123 | D70: ='ATR-A3_II'!E22 -> 117 | E70: =D70-C70 -> -6 | F70: =((D70/C70)-1) -> -0.048780488
B71: Mujeres | C71: 139 | D71: ='ATR-A3_II'!E35 -> 157 | E71: =D71-C71 -> 18 | F71: =((D71/C71)-1) -> 0.1294964
A74: (1) Se incluyen los accidentes que han causado baja en el periodo de referencia y han sido recepcionados por la Autoridad Laboral Provincial.

Sheet ATR-A2.1
A1: ACCIDENTES DE TRABAJO | E1: Volver al índice
A3: ATR-A2. ACCIDENTES DE TRABAJO CON BAJA, EN JORNADA, SEGÚN GRAVEDAD,
A4: POR SECTOR, SECCIÓN Y DIVISIÓN DE ACTIVIDAD ECONÓMICA
A6: enero-agosto 2022
C8: Leves | D8: Graves | E8: Mortales | F8: TOTAL
B9: TOTAL | C9: =SUM(C12:C15) -> 3833 | D9: =SUM(D12:D15) -> 17 | E9: =SUM(E12:E15) -> 5 | F9: =SUM(F12:F15) -> 3855
B11: SECTOR
B12: Agrario | C12: =SUM(C17:C20) -> 159 | D12: =SUM(D17:D19) -> 2 | E12: =SUM(E17:E19) -> 0 | F12: =SUM(C12:E12) -> 161
B13: Industria | C13: =SUM(C21:C43) -> 899 | D13: =SUM(D21:D43) -> 5 | E13: =SUM(E21:E43) -> 2 | F13: =SUM(C13:E13) -> 906
B14: Construcción | C14: =SUM(C44:C46) -> 461 | D14: =SUM(D44:D46) -> 2 | E14: =SUM(E44:E46) -> 1 | F14: =SUM(C14:E14) -> 464
B15: Servicios | C15: =SUM(C47:C102) -> 2314 | D15: =SUM(D47:D102) -> 8 | E15: =SUM(E47:E102) -> 2 | F15: =SUM(C15:E15) -> 2324
B17: SECCIÓN Y DIVISIÓN
B18: 01 Agricultura, ganadería, caza y servicios relacionados con las mismas | C18: 147 | D18: 0 | E18: 0 | F18: =SUM(C18:E18) -> 147
B19: 02 Silvicultura y explotación forestal | C19: 6 | D19: 2 | E19: 0 | F19: =SUM(C19:E19) -> 8
B20: 03 Pesca y acuicultura | C20: 6 | D20: 0 | E20: 0 | F20: =SUM(C20:E20) -> 6
B21: 08 Otras industrias extractivas | C21: 8 | D21: 0 | E21: 0 | F21: =SUM(C21:E21) -> 8
B22: 10 Industria de la alimentación | C22: 239 | D22: 0 | E22: 0 | F22: =SUM(C22:E22) -> 239
B23: 11 Fabricación de bebidas | C23: 57 | D23: 0 | E23: 0 | F23: =SUM(C23:E23) -> 57
B24: 13 Industria textil | C24: 15 | D24: 0 | E24: 0 | F24: =SUM(C24:E24) -> 15
B25: 15 Industria del cuero y del calzado | C25: 63 | D25: 0 | E25: 0 | F25: =SUM(C25:E25) -> 63
B26: 16 Industria de la madera y del corcho, excepto muebles cestería y espartería | C26: 51 | D26: 1 | E26: 0 | F26: =SUM(C26:E26) -> 52
B27: 17 Industria del papel | C27: 17 | D27: 0 | E27: 0 | F27: =SUM(C27:E27) -> 17
B28: 18 Artes gráficas y reproducción de soportes grabados | C28: 9 | D28: 0 | E28: 0 | F28: =SUM(C28:E28) -> 9
B29: 20 Industria química | C29: 11 | D29: 0 | E29: 0 | F29: =SUM(C29:E29) -> 11
... B78: 97 Actividades de los hogares como empleadores de personal doméstico | C78: 7 | D78: 0 | E78: 0 | F78: =SUM(C78:E78) -> 7

Sheet ATR-A2.2
A1: ACCIDENTES DE TRABAJO | E1: Volver al índice
A3: ATR-A2. ACCIDENTES DE TRABAJO CON BAJA, EN JORNADA, SEGÚN GRAVEDAD,
A4: POR SECTOR, SECCIÓN Y DIVISIÓN DE ACTIVIDAD ECONÓMICA. ASALARIADOS.
A6: enero-agosto 2022
C8: Leves | D8: Graves | E8: Mortales | F8: TOTAL
B9: TOTAL | C9: =SUM(C12:C15) -> 3630 | D9: =SUM(D12:D15) -> 15 | E9: =SUM(E12:E15) -> 4 | F9: =SUM(F12:F15) -> 3649
B11: SECTOR
B12: Agrario | C12: =SUM(C17:C20) -> 124 | D12: =SUM(D17:D19) -> 2 | E12: =SUM(E17:E19) -> 0 | F12: =SUM(C12:E12) -> 126
B13: Industria | C13: =SUM(C21:C43) -> 879 | D13: =SUM(D21:D43) -> 5 | E13: =SUM(E21:E43) -> 1 | F13: =SUM(C13:E13) -> 885
B14: Construcción | C14: =SUM(C44:C46) -> 404 | D14: =SUM(D44:D46) -> 2 | E14: =SUM(E44:E46) -> 1 | F14: =SUM(C14:E14) -> 407
B15: Servicios | C15: =SUM(C47:C102) -> 2223 | D15: =SUM(D47:D102) -> 6 | E15: =SUM(E47:E102) -> 2 | F15: =SUM(C15:E15) -> 2231
B17: SECCIÓN Y DIVISIÓN
B18: 01 Agricultura, ganadería, caza y servicios relacionados con las mismas | C18: 112 | D18: 0 | E18: 0 | F18: =SUM(C18:E18) -> 112
B19: 02 Silvicultura y explotación forestal | C19: 6 | D19: 2 | E19: 0 | F19: =SUM(C19:E19) -> 8
B20: 03 Pesca y acuicultura | C20: 6 | D20: 0 | E20: 0 | F20: =SUM(C20:E20) -> 6
B21: 08 Otras industrias extractivas | C21: 8 | D21: 0 | E21: 0 | F21: =SUM(C21:E21) -> 8
B22: 10 Industria de la alimentación | C22: 236 | D22: 0 | E22: 0 | F22: =SUM(C22:E22) -> 236
B23: 11 Fabricación de bebidas | C23: 57 | D23: 0 | E23: 0 | F23: =SUM(C23:E23) -> 57
B24: 13 Industria textil | C24: 15 | D24: 0 | E24: 0 | F24: =SUM(C24:E24) -> 15
B25: 15 Industria del cuero y del calzado | C25: 60 | D25: 0 | E25: 0 | F25: =SUM(C25:E25) -> 60
B26: 16 Industria de la madera y del corcho, excepto muebles cestería y espartería | C26: 48 | D26: 1 | E26: 0 | F26: =SUM(C26:E26) -> 49
B27: 17 Industria del papel | C27: 17 | D27: 0 | E27: 0 | F27: =SUM(C27:E27) -> 17
B28: 18 Artes gráficas y reproducción de soportes grabados | C28: 8 | D28: 0 | E28: 0 | F28: =SUM(C28:E28) -> 8
B29: 20 Industria química | C29: 10 | D29: 0 | E29: 0 | F29: =SUM(C29:E29) -> 10
... B75: 97 Actividades de los hogares como empleadores de personal doméstico | C75: 7 | D75: 0 | E75: 0 | F75: =SUM(C75:E75) -> 7

Sheet ATR-A2.3
A1: ACCIDENTES DE TRABAJO | E1: Volver al índice
A3: ATR-A2. ACCIDENTES DE TRABAJO CON BAJA, EN JORNADA, SEGÚN GRAVEDAD,
A4: POR SECTOR, SECCIÓN Y DIVISIÓN DE ACTIVIDAD ECONÓMICA. TRABAJADORES POR CUENTA PROPIA.
A6: enero-agosto 2022
C8: Leves | D8: Graves | E8: Mortales | F8: TOTAL
B9: TOTAL | C9: =SUM(C12:C15) -> 203 | D9: =SUM(D12:D15) -> 2 | E9: =SUM(E12:E15) -> 1 | F9: =SUM(F12:F15) -> 206
B11: SECTOR
B12: Agrario | C12: =C18 -> 35 | D12: =D18 -> 0 | E12: =E18 -> 0 | F12: =F18 -> 35
B13: Industria | C13: =SUM(C19:C26) -> 20 | D13: =SUM(D19:D26) -> 0 | E13: =SUM(E19:E26) -> 1 | F13: =SUM(F19:F26) -> 21
B14: Construcción | C14: =SUM(C27:C28) -> 57 | D14: =SUM(D27:D28) -> 0 | E14: =SUM(E27:E28) -> 0 | F14: =SUM(F27:F28) -> 57
B15: Servicios | C15: =SUM(C29:C45) -> 91 | D15: =SUM(D29:D45) -> 2 | E15: =SUM(E29:E45) -> 0 | F15: =SUM(F29:F45) -> 93
B17: SECCIÓN Y DIVISIÓN
B18: 01 Agricultura, ganadería, caza y servicios relacionados con las mismas | C18: 35 | D18: 0 | E18: 0 | F18: =SUM(C18:E18) -> 35
B19: 10 Industria de la alimentación | C19: 3 | D19: 0 | E19: 0 | F19: =SUM(C19:E19) -> 3
B20: 15 Industria del cuero y del calzado | C20: 3 | D20: 0 | E20: 0 | F20: =SUM(C20:E20) -> 3
B21: 16 Industria de la madera y del corcho, excepto muebles cestería y espartería | C21: 3 | D21: 0 | E21: 0 | F21: =SUM(C21:E21) -> 3
B22: 18 Artes gráficas y reproducción de soportes grabados | C22: 1 | D22: 0 | E22: 0 | F22: =SUM(C22:E22) -> 1
B23: 20 Industria química | C23: 1 | D23: 0 | E23: 0 | F23: =SUM(C23:E23) -> 1
B24: 25 Fabricación de productos metálicos, excepto maquinaria y equipo | C24: 4 | D24: 0 | E24: 1 | F24: =SUM(C24:E24) -> 5
B25: 31 Fabricación de muebles | C25: 4 | D25: 0 | E25: 0 | F25: =SUM(C25:E25) -> 4
B26: 33 Reparación e instalación de maquinaria y equipo | C26: 1 | D26: 0 | E26: 0 | F26: =SUM(C26:E26) -> 1
B27: 41 Construcción de edificios | C27: 12 | D27: 0 | E27: 0 | F27: =SUM(C27:E27) -> 12
B28: 43 Actividades de construcción especializada | C28: 45 | D28: 0 | E28: 0 | F28: =SUM(C28:E28) -> 45
B29: 45 Venta y reparación de vehículos de motor y motocicletas | C29: 6 | D29: 0 | E29: 0 | F29: =SUM(C29:E29) -> 6
... B45: 96 Otros servicios personales | C45: 6 | D45: 0 | E45: 0 | F45: =SUM(C45:E45) -> 6

Sheet ATR-A2_II
A1: ACCIDENTES DE TRABAJO | E1: Volver al índice
A3: ATR-A2_II. ACCIDENTES DE TRABAJO CON BAJA, IN ITINERE, SEGÚN GRAVEDAD,
A4: POR SECTOR, SECCIÓN Y DIVISIÓN DE ACTIVIDAD ECONÓMICA
A6: enero-agosto 2022
C8: Leves | D8: Graves | E8: Mortales | F8: TOTAL
B9: TOTAL | C9: =SUM(C12:C15) -> 272 | D9: =SUM(D12:D15) -> 2 | E9: =SUM(E12:E15) -> 0 | F9: =SUM(C9:E9) -> 274
B11: SECTOR
B12: Agrario | C12: =C18+C19 -> 7 | D12: =D18 -> 0 | E12: =E18 -> 0 | F12: =SUM(C12:E12) -> 7
B13: Industria | C13: =SUM(C20:C34) -> 60 | D13: =SUM(D19:D28) -> 0 | E13: =SUM(E19:E28) -> 0 | F13: =SUM(C13:E13) -> 60
B14: Construcción | C14: =SUM(C35:C36) -> 6 | D14: =D29 -> 0 | E14: =E29 -> 0 | F14: =SUM(C14:E14) -> 6
B15: Servicios | C15: =SUM(C37:C66) -> 199 | D15: =SUM(D30:D88) -> 2 | E15: =SUM(E30:E88) -> 0 | F15: =SUM(C15:E15) -> 201
B17: SECCIÓN Y DIVISIÓN
B18: 01 Agricultura, ganadería, caza y servicios relacionados con las mismas | C18: 6 | D18: 0 | E18: 0 | F18: =SUM(C18:E18) -> 6
B19: 02 Silvicultura y explotación forestal | C19: 1 | D19: 0 | E19: 0 | F19: =SUM(C19:E19) -> 1
B20: 03 Pesca y acuicultura | C20: 1 | D20: 0 | E20: 0 | F20: =SUM(C20:E20) -> 1
B21: 08 Otras industrias extractivas | C21: 3 | D21: 0 | E21: 0 | F21: =SUM(C21:E21) -> 3
B22: 10 Industria de la alimentación | C22: 13 | D22: 0 | E22: 0 | F22: =SUM(C22:E22) -> 13
B23: 11 Fabricación de bebidas | C23: 4 | D23: 0 | E23: 0 | F23: =SUM(C23:E23) -> 4
B24: 15 Industria del cuero y del calzado | C24: 9 | D24: 0 | E24: 0 | F24: =SUM(C24:E24) -> 9
B25: 16 Industria de la madera y del corcho, excepto muebles cestería y espartería | C25: 1 | D25: 0 | E25: 0 | F25: =SUM(C25:E25) -> 1
B26: 18 Artes gráficas y reproducción de soportes grabados | C26: 1 | D26: 0 | E26: 0 | F26: =SUM(C26:E26) -> 1
B27: 20 Industria química | C27: 1 | D27: 0 | E27: 0 | F27: =SUM(C27:E27) -> 1
B28: 22 Fabricación de productos de caucho y plásticos | C28: 4 | D28: 0 | E28: 0 | F28: =SUM(C28:E28) -> 4
B29: 23 Fabricación de otros productos minerales no metálicos | C29: 2 | D29: 0 | E29: 0 | F29: =SUM(C29:E29) -> 2
... B59: 97 Actividades de los hogares como empleadores de personal doméstico | C59: 1 | D59: 0 | E59: 0 | F59: =SUM(C59:E59) -> 1

Sheet ATR-A3
A1: ACCIDENTES DE TRABAJO | G1: Volver al índice
A3: ATR-A3. ACCIDENTES DE TRABAJO CON BAJA, EN JORNADA, SEGÚN GRAVEDAD,
A4: POR SEXO Y EDAD DEL TRABAJADOR ACCIDENTADO
A6: enero-agosto 2022
B8: Leves | C8: Graves | D8: Mortales | E8: TOTAL
A9: TOTAL | B9: =SUM(B10:B21) -> 3833 | C9: =SUM(C10:C21) -> 17 | D9: =SUM(D10:D21) -> 5 | E9: =SUM(E10:E21) -> 3848
A10: De 16 a 19 | B10: 42 | C10: 1 | D10: 0 | E10: =SUM(B10:D10) -> 43
A11: De 20 a 24 | B11: 208 | C11: 0 | D11: 0 | E11: =SUM(B11:D11) -> 208
A12: De 25 a 29 | B12: 309 | C12: 2 | D12: 0 | E12: =SUM(B12:D12) -> 311
A13: De 30 a 34 | B13: 365 | C13: 2 | D13: 1 | E13: =SUM(B13:D13) -> 368
A14: De 35 a 39 | B14: 449 | C14: 1 | D14: 0 | E14: =SUM(B14:D14) -> 450
A15: De 40 a 44 | B15: 581 | C15: 4 | D15: 1 | E15: =SUM(B15:D15) -> 586
A16: De 45 a 49 | B16: 573 | C16: 2 | D16: 0 | E16: =SUM(B16:D16) -> 575
A17: De 50 a 54 | B17: 507 | C17: 1 | D17: 2 | E17: =SUM(B17:D17) -> 510
A18: De 55 a 59 | B18: 440 | C18: 0 | D18: 0 | E18: =SUM(B18:D18) -> 440
A19: De 60 a 64 | B19: 284 | C19: 3 | D19: 1 | E19: =SUM(B19:D19) -> 288
A20: 65 o más años | B20: 39 | C20: 0 | D20: 0 | E20: =SUM(B20:D20) -> 39
A21: No consta | B21: 36 | C21: 1 | D21: 0 | E21: 30
A23: VARONES | B23: =SUM(B24:B35) -> 2223 | C23: =SUM(C24:C35) -> 16 | D23: =SUM(D24:D35) -> 5 | E23: =SUM(E24:E35) -> 2244
A24: De 16 a 19 | B24: 34 | C24: 1 | D24: 0 | E24: =SUM(B24:D24) -> 35
A25: De 20 a 24 | B25: 144 | C25: 0 | D25: 0 | E25: =SUM(B25:D25) -> 144
A26: De 25 a 29 | B26: 165 | C26: 2 | D26: 0 | E26: =SUM(B26:D26) -> 167
A27: De 30 a 34 | B27: 229 | C27: 2 | D27: 1 | E27: =SUM(B27:D27) -> 232
A28: De 35 a 39 | B28: 279 | C28: 1 | D28: 0 | E28: =SUM(B28:D28) -> 280
A29: De 40 a 44 | B29: 354 | C29: 4 | D29: 1 | E29: =SUM(B29:D29) -> 359
A30: De 45 a 49 | B30: 334 | C30: 2 | D30: 0 | E30: =SUM(B30:D30) -> 336
A31: De 50 a 54 | B31: 273 | C31: 1 | D31: 2 | E31: =SUM(B31:D31) -> 276
A32: De 55 a 59 | B32: 244 | C32: 0 | D32: 0 | E32: =SUM(B32:D32) -> 244
A33: De 60 a 64 | B33: 131 | C33: 2 | D33: 1 | E33: =SUM(B33:D33) -> 134
A34: 65 o más años | B34: 21 | C34: 0 | D34: 0 | E34: =SUM(B34:D34) -> 21
A35: No consta | B35: 15 | C35: 1 | D35: 0 | E35: =SUM(B35:D35) -> 16
A37: MUJERES | B37: =SUM(B38:B49) -> 1610 | C37: =SUM(C38:C49) -> 1 | D37: =SUM(D38:D49) -> 0 | E37: =SUM(E38:E49) -> 1604
A38: De 16 a 19 | B38: =B10-B24 -> 8 | C38: =C10-C24 -> 0 | D38: =D10-D24 -> 0 | E38: =E10-E24 -> 8
A39: De 20 a 24 | B39: =B11-B25 -> 64 | C39: =C11-C25 -> 0 | D39: =D11-D25 -> 0 | E39: =E11-E25 -> 64
A40: De 25 a 29 | B40: =B12-B26 -> 144 | C40: =C12-C26 -> 0 | D40: =D12-D26 -> 0 | E40: =E12-E26 -> 144
A41: De 30 a 34 | B41: =B13-B27 -> 136 | C41: =C13-C27 -> 0 | D41: =D13-D27 -> 0 | E41: =E13-E27 -> 136
A42: De 35 a 39 | B42: =B14-B28 -> 170 | C42: =C14-C28 -> 0 | D42: =D14-D28 -> 0 | E42: =E14-E28 -> 170
A43: De 40 a 44 | B43: =B15-B29 -> 227 | C43: =C15-C29 -> 0 | D43: =D15-D29 -> 0 | E43: =E15-E29 -> 227
A44: De 45 a 49 | B44: =B16-B30 -> 239 | C44: =C16-C30 -> 0 | D44: =D16-D30 -> 0 | E44: =E16-E30 -> 239
A45: De 50 a 54 | B45: =B17-B31 -> 234 | C45: =C17-C31 -> 0 | D45: =D17-D31 -> 0 | E45: =E17-E31 -> 234
A46: De 55 a 59 | B46: =B18-B32 -> 196 | C46: =C18-C32 -> 0 | D46: =D18-D32 -> 0 | E46: =E18-E32 -> 196
A47: De 60 a 64 | B47: =B19-B33 -> 153 | C47: =C19-C33 -> 1 | D47: =D19-D33 -> 0 | E47: =E19-E33 -> 154
A48: 65 o más años | B48: =B20-B34 -> 18 | C48: =C20-C34 -> 0 | D48: =D20-D34 -> 0 | E48: =E20-E34 -> 18
A49: No consta | B49: =B21-B35 -> 21 | C49: =C21-C35 -> 0 | D49: =D21-D35 -> 0 | E49: =E21-E35 -> 14

Sheet ATR-A3_II
A1: ACCIDENTES DE TRABAJO | E1: Volver al índice
A3: ATR-A3_II. ACCIDENTES DE TRABAJO CON BAJA, IN ITINERE, SEGÚN GRAVEDAD,
A4: POR SEXO Y EDAD DEL TRABAJADOR ACCIDENTADO
A6: enero-agosto 2022
B8: Leves | C8: Graves | D8: Mortales | E8: TOTAL
A9: TOTAL | B9: =SUM(B10:B21) -> 272 | C9: =SUM(C10:C21) -> 2 | D9: =SUM(D10:D21) -> 0 | E9: =SUM(E10:E21) -> 274
A10: De 16 a 19 | B10: 8 | C10: 1 | D10: 0 | E10: =SUM(B10:D10) -> 9
A11: De 20 a 24 | B11: 24 | C11: 1 | D11: 0 | E11: =SUM(B11:D11) -> 25
A12: De 25 a 29 | B12: 39 | C12: 0 | D12: 0 | E12: =SUM(B12:D12) -> 39
A13: De 30 a 34 | B13: 18 | C13: 0 | D13: 0 | E13: =SUM(B13:D13) -> 18
A14: De 35 a 39 | B14: 18 | C14: 0 | D14: 0 | E14: =SUM(B14:D14) -> 18
A15: De 40 a 44 | B15: 49 | C15: 0 | D15: 0 | E15: =SUM(B15:D15) -> 49
A16: De 45 a 49 | B16: 40 | C16: 0 | D16: 0 | E16: =SUM(B16:D16) -> 40
A17: De 50 a 54 | B17: 30 | C17: 0 | D17: 0 | E17: =SUM(B17:D17) -> 30
A18: De 55 a 59 | B18: 29 | C18: 0 | D18: 0 | E18: =SUM(B18:D18) -> 29
A19: De 60 a 64 | B19: 16 | C19: 0 | D19: 0 | E19: =SUM(B19:D19) -> 16
A20: 65 o más años | B20: 1 | C20: 0 | D20: 0 | E20: =SUM(B20:D20) -> 1
A21: No consta
A22: HOMBRES | B22: =SUM(B23:B33) -> 117 | C22: =SUM(C23:C33) -> 0 | D22: =SUM(D23:D33) -> 0 | E22: =SUM(E23:E34) -> 117
A23: De 16 a 19 | B23: 6 | C23: 0 | D23: 0 | E23: =SUM(B23:D23) -> 6
A24: De 20 a 24 | B24: 15 | C24: 0 | D24: 0 | E24: =SUM(B24:D24) -> 15
A25: De 25 a 29 | B25: 22 | C25: 0 | D25: 0 | E25: =SUM(B25:D25) -> 22
A26: De 30 a 34 | B26: 11 | C26: 0 | D26: 0 | E26: =SUM(B26:D26) -> 11
A27: De 35 a 39 | B27: 6 | C27: 0 | D27: 0 | E27: =SUM(B27:D27) -> 6
A28: De 40 a 44 | B28: 24 | C28: 0 | D28: 0 | E28: =SUM(B28:D28) -> 24
A29: De 45 a 49 | B29: 11 | C29: 0 | D29: 0 | E29: =SUM(B29:D29) -> 11
A30: De 50 a 54 | B30: 8 | C30: 0 | D30: 0 | E30: =SUM(B30:D30) -> 8
A31: De 55 a 59 | B31: 7 | C31: 0 | D31: 0 | E31: =SUM(B31:D31) -> 7
A32: De 60 a 64 | B32: 7 | C32: 0 | D32: 0 | E32: =SUM(B32:D32) -> 7
A33: 65 o más años
A34: No consta
A35: MUJERES | B35: =SUM(B36:B47) -> 155 | C35: =SUM(C36:C47) -> 2 | D35: =SUM(D37:D47) -> 0 | E35: =SUM(B35:D35) -> 157
A36: De 16 a 19 | B36: =B10-B23 -> 2 | C36: =C10-C23 -> 1 | D36: =D10-D23 -> 0 | E36: =E10-E23 -> 3
A37: De 20 a 24 | B37: =B11-B24 -> 9 | C37: =C11-C24 -> 1 | D37: =D11-D24 -> 0 | E37: =E11-E24 -> 10
A38: De 25 a 29 | B38: =B12-B25 -> 17 | C38: =C12-C25 -> 0 | D38: =D12-D25 -> 0 | E38: =E12-E25 -> 17
A39: De 30 a 34 | B39: =B13-B26 -> 7 | C39: =C13-C26 -> 0 | D39: =D13-D26 -> 0 | E39: =E13-E26 -> 7
A40: De 35 a 39 | B40: =B14-B27 -> 12 | C40: =C14-C27 -> 0 | D40: =D14-D27 -> 0 | E40: =E14-E27 -> 12
A41: De 40 a 44 | B41: =B15-B28 -> 25 | C41: =C15-C28 -> 0 | D41: =D15-D28 -> 0 | E41: =E15-E28 -> 25
A42: De 45 a 49 | B42: =B16-B29 -> 29 | C42: =C16-C29 -> 0 | D42: =D16-D29 -> 0 | E42: =E16-E29 -> 29
A43: De 50 a 54 | B43: =B17-B30 -> 22 | C43: =C17-C30 -> 0 | D43: =D17-D30 -> 0 | E43: =E17-E30 -> 22
A44: De 55 a 59 | B44: =B18-B31 -> 22 | C44: =C18-C31 -> 0 | D44: =D18-D31 -> 0 | E44: =E18-E31 -> 22
A45: De 60 a 64 | B45: =B19-B32 -> 9 | C45: =C19-C32 -> 0 | D45: =D19-D32 -> 0 | E45: =E19-E32 -> 9
A46: 65 o más años | B46: =B20-B33 -> 1 | C46: =C20-C33 -> 0 | D46: =D20-D33 -> 0 | E46: =E20-E33 -> 1
A47: No consta | B47: =B21-B34 -> 0 | C47: =C21-C34 -> 0 | D47: =D21-D34 -> 0 | E47: =E21-E34 -> 0

Sheet ATR-A4
A1: ACCIDENTES DE TRABAJO | F1: Volver al índice
A3: ATR-A4. ACCIDENTES DE TRABAJO CON BAJA, EN JORNADA , SEGÚN GRAVEDAD,
A4: POR GRANDES GRUPOS DE OCUPACIÓN
A6: enero-agosto 2022
B8: Leves | C8: Graves | D8: Mortales | E8: TOTAL
A9: TOTAL | B9: =SUM(B11:B26) -> 3833 | C9: =SUM(C11:C26) -> 17 | D9: =SUM(D11:D26) -> 5 | E9: =SUM(B9:D9) -> 3855
A11: A- Directores y gerentes | B11: 13 | C11: 0 | D11: 0 | E11: =SUM(B11:D11) -> 13
A12: B- Técnicos y profesionales científicos e intelectuales de la salud y la enseñanza | B12: 646 | C12: 0 | D12: 0 | E12: =SUM(B12:D12) -> 646
A13: C- Otros técnicos y profesionales científicos e intelectuales | B13: 15 | C13: 0 | D13: 0 | E13: =SUM(B13:D13) -> 15
A14: D- Técnicos y profesionales de apoyo | B14: 167 | C14: 0 | D14: 0 | E14: =SUM(B14:D14) -> 167
A15: E- Empleados de oficina que no atienden al público | B15: 35 | C15: 0 | D15: 0 | E15: =SUM(B15:D15) -> 35
A16: F- Empleados de oficina que atienden al público | B16: 18 | C16: 0 | D16: 0 | E16: =SUM(B16:D16) -> 18
A17: G- Trabajadores de los servicios de restauración y comercio | B17: 288 | C17: 1 | D17: 0 | E17: =SUM(B17:D17) -> 289
A18: H- Trabajadores cualificados en el sector agrícola, ganadero, forestal y pesquero | B18: 462 | C18: 1 | D18: 0 | E18: =SUM(B18:D18) -> 463
A19: I- Trabajadores de los servicios de protección y seguridad | B19: 56 | C19: 0 | D19: 0 | E19: =SUM(B19:D19) -> 56
A20: J- Trabajadores cualificados en el sector agrícola, ganadero, forestal y pesquero | B20: 86 | C20: 2 | D20: 0 | E20: =SUM(B20:D20) -> 88
A21: K- Trabajadores cualificados de la construcción, excepto operadores de máquinas | B21: 340 | C21: 1 | D21: 0 | E21: =SUM(B21:D21) -> 341
A22: L- Trabajadores cualificados de las industrias manufactureras, excepto operadores de instalaciones y máquinas | B22: 591 | C22: 5 | D22: 2 | E22: =SUM(B22:D22) -> 598
... A27: Q- Ocupaciones militares | B27: 0 | C27: 0 | D27: 0 | E27: =SUM(B27:D27) -> 0

Sheet ATR-A4_II
A1: ACCIDENTES DE TRABAJO | F1: Volver al índice
A3: ATR-A4__II. ACCIDENTES DE TRABAJO CON BAJA, IN ITINERE, SEGÚN GRAVEDAD,
A4: POR GRANDES GRUPOS DE OCUPACIÓN
A6: enero-agosto 2022
B8: Leves | C8: Graves | D8: Mortales | E8: TOTAL
A9: TOTAL | B9: =SUM(B10:B25) -> 272 | C9: =SUM(C11:C25) -> 2 | D9: =SUM(D11:D25) -> 0 | E9: =SUM(B9:D9) -> 274
A10: A- Directores y gerentes
A11: B- Técnicos y profesionales científicos e intelectuales de la salud y la enseñanza | B11: 18 | C11: 0 | D11: 0 | E11: =SUM(B11:D11) -> 18
A12: C- Otros técnicos y profesionales científicos e intelectuales | B12: 4 | C12: 0 | D12: 0 | E12: =SUM(B12:D12) -> 4
A13: D- Técnicos y profesionales de apoyo | B13: 10 | C13: 0 | D13: 0 | E13: =SUM(B13:D13) -> 10
A14: E- Empleados de oficina que no atienden al público | B14: 8 | C14: 0 | D14: 0 | E14: =SUM(B14:D14) -> 8
A15: F- Empleados de oficina que atienden al público | B15: 13 | C15: 0 | D15: 0 | E15: =SUM(B15:D15) -> 13
A16: G- Trabajadores de los servicios de restauración y comercio | B16: 50 | C16: 1 | D16: 0 | E16: =SUM(B16:D16) -> 51
A17: H- Trabajadores cualificados en el sector agrícola, ganadero, forestal y pesquero | B17: 34 | C17: 1 | D17: 0 | E17: =SUM(B17:D17) -> 35
A18: I- Trabajadores de los servicios de protección y seguridad | B18: 4 | C18: 0 | D18: 0 | E18: =SUM(B18:D18) -> 4
A19: J- Trabajadores cualificados en el sector agrícola, ganadero, forestal y pesquero | B19: 5 | C19: 0 | D19: 0 | E19: =SUM(B19:D19) -> 5
A20: K- Trabajadores cualificados de la construcción, excepto operadores de máquinas | B20: 11 | C20: 0 | D20: 0 | E20: =SUM(B20:D20) -> 11
A21: L- Trabajadores cualificados de las industrias manufactureras, excepto operadores de instalaciones y máquinas | B21: 24 | C21: 0 | D21: 0 | E21: =SUM(B21:D21) -> 24
A22: M- Operadores de instalaciones y maquinaria fijas, y montadores | B22: 13 | C22: 0 | D22: 0 | E22: =SUM(B22:D22) -> 13
... A25: P- Peones de la agricultura, pesca, construcción, industrias manufactureras y transportes | B25: 33 | C25: 0 | D25: 0 | E25: =SUM(B25:D25) -> 33
A26: Se incluyen los accidentes que han causado baja en el periodo de referencia, recepcionados por la Autoridad Laboral Provincial (véanse Fuentes y Notas Explicativas). | B26: 0 | C26: 0

Sheet ATR-A5
A1: ACCIDENTES DE TRABAJO | F1: Volver al índice
A3: ATR-A5. ACCIDENTES DE TRABAJO CON BAJA, EN JORNADA, SEGÚN GRAVEDAD,
A4: POR TIPO DE LUGAR DONDE SE ENCONTRABA EL TRABAJADOR ACCIDENTADO
A6: enero-agosto 2022
B8: Leves | C8: Graves | D8: Mortales | E8: TOTAL
A9: TOTAL | B9: =SUM(B12:B14) -> 3833 | C9: =SUM(C12:C14) -> 17 | D9: =SUM(D12:D14) -> 5 | E9: =SUM(B9:D9) -> 3855
A11: TIPO DE LUGAR GENERAL
A12: En centro habitual | B12: 3552 | C12: 14 | D12: 1 | E12: =SUM(B12:D12) -> 3567
A13: En desplazamiento | B13: 154 | C13: 1 | D13: 2 | E13: =SUM(B13:D13) -> 157
A14: En otro centro | B14: 127 | C14: 2 | D14: 2 | E14: =SUM(B14:D14) -> 131
A16: TIPO DE LUGAR DETALLADO
A17: 000.- Ninguna información | B17: 0 | C17: 1 | D17: 0 | E17: =SUM(B17:D17) -> 1
A18: 011.- Lugar de producción, taller, fábrica | B18: 1062 | C18: 6 | D18: 3 | E18: =SUM(B18:D18) -> 1071
A19: 012.- Área de mantenimiento, taller de reparación | B19: 97 | C19: 1 | D19: 0 | E19: =SUM(B19:D19) -> 98
A20: 013.- Áreas destinadas principalmente a almacenamiento, carga, descarga | B20: 225 | C20: 1 | D20: 0 | E20: =SUM(B20:D20) -> 226
A21: 019.- Otros Tipos de lugar conocidos del grupo 010, pero no mencionados anteriormente | B21: 41 | C21: 0 | D21: 0 | E21: =SUM(B21:D21) -> 41
A22: 021.- Obras (edificio en construcción) | B22: 193 | C22: 0 | D22: 0 | E22: =SUM(B22:D22) -> 193
A23: 022.- Obras (edificio en demolición, renovación o mantenimiento) | B23: 57 | C23: 0 | D23: 0 | E23: =SUM(B23:D23) -> 57
A24: 023.- Cantera, mina a cielo abierto, excavación, zanja (incluidas las minas a cielo abierto y la canteras en explotación) | B24: 17 | C24: 0 | D24: 0 | E24: =SUM(B24:D24) -> 17
A25: 029.- Otros tipos de lugar conocidos del grupo 020, pero no mencionados anteriormente | B25: 29 | C25: 0 | D25: 0 | E25: =SUM(B25:D25) -> 29
A26: 031.- Lugares de cría de animales | B26: 11 | C26: 0 | D26: 0 | E26: =SUM(B26:D26) -> 11
A27: 032.- Lugares agrícolas (cultivo del suelo) | B27: 48 | C27: 0 | D27: 0 | E27: =SUM(B27:D27) -> 48
A28: 033.- Lugares agrícolas (cultivo en árboles o arbustos) | B28: 54 | C28: 0 | D28: 0 | E28: =SUM(B28:D28) -> 54
... A53: 999.- Otros Tipos de lugar no codificados en esta clasificación | B53: 9 | C53: 0 | D53: 0 | E53: =SUM(B53:D53) -> 9

Sheet ATR-A5_II
A1: ACCIDENTES DE TRABAJO | F1: Volver al índice
A3: ATR-A5_II. ACCIDENTES DE TRABAJO CON BAJA, IN ITINERE, SEGÚN GRAVEDAD,
A4: POR TIPO DE LUGAR DONDE SE ENCONTRABA EL TRABAJADOR ACCIDENTADO
A6: enero-agosto 2022
B8: Leves | C8: Graves | D8: Mortales | E8: TOTAL
A9: TOTAL | B9: =SUM(B12:B30) -> 272 | C9: =SUM(C12:C30) -> 2 | D9: =SUM(D12:D30) -> 0 | E9: =SUM(E12:E30) -> 274
A11: TIPO DE LUGAR DETALLADO
A12: 011.- Lugar de producción, taller, fábrica | B12: 2 | C12: 0 | D12: 0 | E12: =SUM(B12:D12) -> 2
A13: 013.- Áreas destinadas principalmente a almacenamiento, carga, descarga | B13: 1 | C13: 0 | D13: 0 | E13: =SUM(B13:D13) -> 1
A14: 019.- Otros Tipos de lugar conocidos del grupo 010, pero no mencionados anteriormente | B14: 2 | C14: 0 | D14: 0 | E14: =SUM(B14:D14) -> 2
A15: 043.- Lugares de venta, pequeños o grandes (incluida la venta ambulante) | B15: 1 | C15: 0 | D15: 0 | E15: =SUM(B15:D15) -> 1
A16: 051.- Centros sanitarios, clínicas, hospitales, guarderías | B16: 4 | C16: 0 | D16: 0 | E16: =SUM(B16:D16) -> 4
A17: 061.- Lugares abiertos permanentemente al público (vías de acceso, de circulación, zona de estacionamiento, sala de espera de estación aeropuerto, etc.) | B17: 170 | C17: 0 | D17: 0 | E17: =SUM(B17:D17) -> 170
A18: 062.- Medio de transporte. Terrestre, carretera o ferrocarril.Privado o público (sea cual fuere tren, autobús, automóvil, etc.) | B18: 63 | C18: 2 | D18: 0 | E18: =SUM(B18:D18) -> 65
A19: 063.- Zona aneja a lugares públicos con acceso reservado al personal autorizado (vía de ferrocarril, pavimento de aeródromo, arcén de autopista) | B19: 3 | C19: 0 | D19: 0 | E19: =SUM(B19:D19) -> 3
A20: 069.- Otros Tipos de lugar conocidos del grupo 060, pero no mencionados anteriormente | B20: 8 | C20: 0 | D20: 0 | E20: =SUM(B20:D20) -> 8
A21: 071.- Domicilio privado | B21: 5 | C21: 0 | D21: 0 | E21: =SUM(B21:D21) -> 5
A22: 072.- Partes comunes, anexos, jardines colindantes privados | B22: 5 | C22: 0 | D22: 0 | E22: =SUM(B22:D22) -> 5
A23: 079.- Otros Tipos de lugar conocidos del grupo 070, pero no mencionados anteriormente | B23: 1 | C23: 0 | D23: 0 | E23: =SUM(B23:D23) -> 1
... A25: 999.- Otros Tipos de lugar no codificados en esta clasificación | B25: 2 | C25: 0 | D25: 0 | E25: =SUM(B25:D25) -> 2

Sheet ATR-A6
A1: ACCIDENTES DE TRABAJO | F1: Volver al índice
A3: ATR-A6. ACCIDENTES DE TRABAJO CON BAJA, EN JORNADA, SEGÚN GRAVEDAD,
A4: POR ACTIVIDAD FÍSICA QUE REALIZABA EL TRABAJADOR ACCIDENTADO
A6: enero-agosto 2022
B8: Leves | C8: Graves | D8: Mortales | E8: TOTAL
A9: TOTAL | B9: =SUM(B11:B59) -> 3833 | C9: =SUM(C11:C59) -> 17 | D9: =SUM(D11:D59) -> 5 | E9: =SUM(E11:E59) -> 3855
A11: 00.- Ninguna información | B11: 4 | C11: 1 | D11: 0 | E11: =SUM(B11:D11) -> 5
A12: 11.- Arrancar la máquina, parar la máquina | B12: 18 | C12: 0 | D12: 0 | E12: =SUM(B12:D12) -> 18
A13: 12.- Alimentar la máquina, vaciar la máquina | B13: 51 | C13: 0 | D13: 0 | E13: =SUM(B13:D13) -> 51
A14: 13.- Vigilar la máquina, hacer funcionar - conducir la máquina | B14: 74 | C14: 2 | D14: 0 | E14: =SUM(B14:D14) -> 76
A15: 19.- Otra actividad física específica conocida del grupo 10 pero no mencionada anteriormente | B15: 51 | C15: 2 | D15: 0 | E15: =SUM(B15:D15) -> 53
A16: 21.- Trabajar con herramientas manuales sin motor | B16: 297 | C16: 1 | D16: 0 | E16: =SUM(B16:D16) -> 298
A17: 22.- Trabajar con herramientas manuales con motor | B17: 101 | C17: 1 | D17: 0 | E17: =SUM(B17:D17) -> 102
A18: 29.- Otra actividad física específica conocida del grupo 20 pero no mencionada anteriormente | B18: 8 | C18: 0 | D18: 0 | E18: =SUM(B18:D18) -> 8
A19: 31.- Conducir un medio de transporte o un equipo de carga - móvil y con motor | B19: 97 | C19: 0 | D19: 1 | E19: =SUM(B19:D19) -> 98
A20: 32.- Conducir un medio de transporte o un equipo de carga - móvil y sin motor | B20: 12 | C20: 0 | D20: 0 | E20: =SUM(B20:D20) -> 12
A21: 33.- Ser pasajero a bordo de un medio de transporte | B21: 6 | C21: 0 | D21: 0 | E21: =SUM(B21:D21) -> 6
A22: 39.- Otra actividad física específica conocida del grupo 30 pero no mencionada anteriormente | B22: 7 | C22: 0 | D22: 0 | E22: =SUM(B22:D22) -> 7
... A43: 99.- Otra actividad física específica no codificada en esta clasificac | B43: 12 | C43: 1 | D43: 0 | E43: =SUM(B43:D43) -> 13

Sheet ATR-A6_II
A1: ACCIDENTES DE TRABAJO | F1: Volver al índice
A3: ATR-A6_II. ACCIDENTES DE TRABAJO CON BAJA, IN ITINERE, SEGÚN GRAVEDAD,
A4: POR ACTIVIDAD FÍSICA QUE REALIZABA EL TRABAJADOR ACCIDENTADO
A6: enero-agosto 2022
B8: Leves | C8: Graves | D8: Mortales | E8: TOTAL
A9: TOTAL | B9: =SUM(B11:B27) -> 272 | C9: =SUM(C11:C27) -> 2 | D9: =SUM(D11:D27) -> 0 | E9: =SUM(E11:E27) -> 274
A11: 00.- Ninguna información | B11: 1 | C11: 0 | D11: 0 | E11: =SUM(B11:D11) -> 1
A12: 31.- Conducir un medio de transporte o un equipo de carga - móvil y con motor | B12: 116 | C12: 2 | D12: 0 | E12: =SUM(B12:D12) -> 118
A13: 32.- Conducir un medio de transporte o un equipo de carga - móvil y sin motor | B13: 16 | C13: 0 | D13: 0 | E13: =SUM(B13:D13) -> 16
A14: 33.- Ser pasajero a bordo de un medio de transporte | B14: 14 | C14: 0 | D14: 0 | E14: =SUM(B14:D14) -> 14
A15: 39.- Otra actividad física específica conocida del grupo 30 pero no mencionada anteriormente | B15: 9 | C15: 0 | D15: 0 | E15: =SUM(B15:D15) -> 9
A16: 41.- Coger con la mano, agarrar, asir, sujetar en la mano, poner - en un plano horizontal | B16: 1 | C16: 0 | D16: 0 | E16: =SUM(B16:D16) -> 1
A17: 53.- Transportar una carga (portar) - por parte de una persona | B17: 1 | C17: 0 | D17: 0 | E17: =SUM(B17:D17) -> 1
A18: 61.- Andar, correr, subir, bajar, etc | B18: 84 | C18: 0 | D18: 0 | E18: =SUM(B18:D18) -> 84
A19: 62.- Entrar, salir | B19: 12 | C19: 0 | D19: 0 | E19: =SUM(B19:D19) -> 12
A20: 65.- Levantarse, sentarse, etc | B20: 1 | C20: 0 | D20: 0 | E20: =SUM(B20:D20) -> 1
A21: 67.- Hacer movimientos en un mismo sitio | B21: 2 | C21: 0 | D21: 0 | E21: =SUM(B21:D21) -> 2
A22: 69.- Otra actividad física específica conocida del grupo 60 pero no mencionada anteriormente | B22: 5 | C22: 0 | D22: 0 | E22: =SUM(B22:D22) -> 5
... A24: 99.- Otra actividad física específica no codificada en esta clasificac | B24: 2 | C24: 0 | D24: 0 | E24: =SUM(B24:D24) -> 2

Sheet ATR-A7
A1: ACCIDENTES DE TRABAJO | F1: Volver al índice
A3: ATR-A7. ACCIDENTES DE TRABAJO CON BAJA, EN JORNADA, SEGÚN GRAVEDAD,
A4: POR DESVIACIÓN QUE PRODUJO EL ACCIDENTE
A6: enero-agosto 2022
B8: Leves | C8: Graves | D8: Mortales | E8: TOTAL
A9: TOTAL | B9: =SUM(B11:B56) -> 3833 | C9: =SUM(C11:C56) -> 17 | D9: =SUM(D11:D56) -> 5 | E9: =SUM(E11:E56) -> 3855
A11: 00.- Ninguna información | B11: 26 | C11: 1 | D11: 0 | E11: =SUM(B11:D11) -> 27
A12: 11.- Problema eléctrico causado por fallo en la instalación-que da lugar a un contacto indirecto | B12: 1 | C12: 0 | D12: 0 | E12: =SUM(B12:D12) -> 1
A13: 12.- Problema eléctrico-que da lugar a un contacto directo | B13: 1 | C13: 0 | D13: 0 | E13: =SUM(B13:D13) -> 1
A14: 13.- Explosión | B14: 4 | C14: 1 | D14: 2 | E14: =SUM(B14:D14) -> 7
A15: 14.- Incendio, fuego | B15: 5 | C15: 0 | D15: 0 | E15: =SUM(B15:D15) -> 5
A16: 19.- Otra desviación conocida del grupo 10 pero no mencionada anteriormente | B16: 17 | C16: 0 | D16: 0 | E16: =SUM(B16:D16) -> 17
A17: 21.- En estado de sólido-desbordamiento, vuelco | B17: 11 | C17: 0 | D17: 0 | E17: =SUM(B17:D17) -> 11
A18: 22.- En estado líquido-escape, rezumamiento, derrame, salpicadura, aspersión | B18: 21 | C18: 0 | D18: 0 | E18: =SUM(B18:D18) -> 21
A19: 23.- En estado gaseoso-vaporización, formación de aerosoles, formación de gases | B19: 1 | C19: 0 | D19: 0 | E19: =SUM(B19:D19) -> 1
A20: 24.- Pulverulento-emanación de humos, emisión de polvo, partículas | B20: 893 | C20: 0 | D20: 0 | E20: =SUM(B20:D20) -> 893
A21: 29.- Otra desviación conocida del grupo 20 pero no mencionada anteriormente | B21: 7 | C21: 0 | D21: 0 | E21: =SUM(B21:D21) -> 7
A22: 31.- Rotura de material, en las juntas, en las conexiones | B22: 9 | C22: 1 | D22: 0 | E22: =SUM(B22:D22) -> 10
... A54: 99.- Otra Desviación no codificada en esta clasificación | B54: 22 | C54: 2 | D54: 2 | E54: =SUM(B54:D54) -> 26

Sheet ATR-A7_II
A1: ACCIDENTES DE TRABAJO | F1: Volver al índice
A3: ATR-A7_II. ACCIDENTES DE TRABAJO CON BAJA,IN ITINERE, SEGÚN GRAVEDAD,
A4: POR DESVIACIÓN QUE PRODUJO EL ACCIDENTE
A6: enero-agosto 2022
B8: Leves | C8: Graves | D8: Mortales | E8: TOTAL
A9: TOTAL | B9: =SUM(B11:B50) -> 272 | C9: =SUM(C11:C50) -> 2 | D9: =SUM(D11:D50) -> 0 | E9: =SUM(E11:E50) -> 274
A11: 00.- Ninguna información | B11: 1 | C11: 0 | D11: 0 | E11: =SUM(B11:D11) -> 1
A12: 32.- Rotura, estallido, en fragmentos (madera, cristal, metal, piedra, plástico, otros) | B12: 1 | C12: 0 | D12: 0 | E12: =SUM(B12:D12) -> 1
A13: 33.- Resbalón, caída, derrumbamiento de agente material-superior (que cae sobre la víctima) | B13: 1 | C13: 0 | D13: 0 | E13: =SUM(B13:D13) -> 1
A14: 34.- Resbalón, caída, derrumbamiento de agente material-inferior (que arrastra a la víctima) | B14: 4 | C14: 0 | D14: 0 | E14: =SUM(B14:D14) -> 4
A15: 35.- Resbalón, caída, derrumbamiento de agente material-al mismo nivel | B15: 3 | C15: 0 | D15: 0 | E15: =SUM(B15:D15) -> 3
A16: 39.- Otra desviación conocida del grupo 30 pero no mencionada anteriormente | B16: 3 | C16: 0 | D16: 0 | E16: =SUM(B16:D16) -> 3
A17: 42.- Pérdida (total o parcial) de control-de medio de transporte-de equipo de carga (con motor o sin él) | B17: 113 | C17: 1 | D17: 0 | E17: =SUM(B17:D17) -> 114
A18: 43.- Pérdida (total o parcial) de control-de herramienta manual (con motor o sin él), así como de la materia sobre la que se trabaje con la herramienta | B18: 1 | C18: 0 | D18: 0 | E18: =SUM(B18:D18) -> 1
A19: 44.- Pérdida (total o parcial) de control-de objeto (transportado, desplazado, manipulado, etc) | B19: 3 | C19: 1 | D19: 0 | E19: =SUM(B19:D19) -> 4
A20: 49.- Otra desviación conocida del grupo 40 pero no mencionada anteriormente | B20: 4 | C20: 0 | D20: 0 | E20: =SUM(B20:D20) -> 4
A21: 51.- Caída de una persona-desde una altura | B21: 8 | C21: 0 | D21: 0 | E21: =SUM(B21:D21) -> 8
A22: 52.- Resbalón o tropezón con caída-caída de una persona-al mismo nivel | B22: 62 | C22: 0 | D22: 0 | E22: =SUM(B22:D22) -> 62
... A36: 99.- Otra Desviación no codificada en esta clasificación | B36: 4 | C36: 0 | D36: 0 | E36: =SUM(B36:D36) -> 4

Sheet ATR-A8
A1: ACCIDENTES DE TRABAJO | F1: Volver al índice
A3: ATR-A8. ACCIDENTES DE TRABAJO CON BAJA, EN JORNADA, SEGÚN GRAVEDAD,
A4: POR FORMA O CONTACTO QUE PRODUJO LA LESIÓN
A6: enero-agosto 2022
B8: Leves | C8: Graves | D8: Mortales | E8: TOTAL
A9: TOTAL | B9: =SUM(B11:B50) -> 3833 | C9: =SUM(C11:C50) -> 17 | D9: =SUM(D11:D50) -> 5 | E9: =SUM(E11:E50) -> 3855
A11: 00.- Ninguna información | B11: 8 | C11: 0 | D11: 0 | E11: =SUM(B11:D11) -> 8
A12: 11.- Contacto indirecto con un arco eléctrico, rayo (pasivo) | B12: 1 | C12: 0 | D12: 0 | E12: =SUM(B12:D12) -> 1
A13: 12.- Contacto directo con la electricidad, recibir una descarga eléctrica en el cuerpo | B13: 2 | C13: 0 | D13: 0 | E13: =SUM(B13:D13) -> 2
A14: 13.- Contacto con llamas directas u objetos o entornos-con elevada temperatura o en llamas | B14: 28 | C14: 0 | D14: 2 | E14: =SUM(B14:D14) -> 30
A15: 14.- Contacto con objeto o entorno-frío o helado | B15: 2 | C15: 0 | D15: 0 | E15: =SUM(B15:D15) -> 2
A16: 15.- Contacto con sustancias peligrosas-a través de la nariz, la boca, por inhalación | B16: 885 | C16: 0 | D16: 0 | E16: =SUM(B16:D16) -> 885
A17: 16.- Contacto con sustancias peligrosas-sobre o a través de la piel y de los ojos | B17: 36 | C17: 2 | D17: 0 | E17: =SUM(B17:D17) -> 38
A18: 19.- Otro contacto-Tipo de lesión conocido del grupo 10 pero no mencionado anteriormente | B18: 17 | C18: 0 | D18: 0 | E18: =SUM(B18:D18) -> 17
A19: 21.- Ahogamiento en un líquido | B19: 0 | C19: 0 | D19: 1 | E19: =SUM(B19:D19) -> 1
A20: 23.- Envuelto por, rodeado de gases o de partículas en suspensión | B20: 1 | C20: 0 | D20: 0 | E20: =SUM(B20:D20) -> 1
A21: 29.- Otro contacto-Tipo de lesión conocido del grupo 20 pero no mencionado anteriormente | B21: 1 | C21: 0 | D21: 0 | E21: =SUM(B21:D21) -> 1
A22: 31.- Aplastamiento sobre o contra, resultado de una caída | B22: 422 | C22: 3 | D22: 0 | E22: =SUM(B22:D22) -> 425
... A49: 99.- Otro contacto-Tipo de lesión no codificado en la presente clasificación | B49: 7 | C49: 0 | D49: 0 | E49: =SUM(B49:D49) -> 7

Sheet ATR-A8_II
A1: ACCIDENTES DE TRABAJO | F1: Volver al índice
A3: ATR-A8_II. ACCIDENTES DE TRABAJO CON BAJA, IN ITINERE, SEGÚN GRAVEDAD,
A4: POR FORMA O CONTACTO QUE PRODUJO LA LESIÓN
A6: enero-agosto 2022
B8: Leves | C8: Graves | D8: Mortales | E8: TOTAL
A9: TOTAL | B9: =SUM(B11:B31) -> 272 | C9: =SUM(C11:C31) -> 2 | D9: =SUM(D11:D31) -> 0 | E9: =SUM(E11:E31) -> 274
A11: 00.- Ninguna información | B11: 1 | C11: 0 | D11: 0 | E11: =SUM(B11:D11) -> 1
A12: 11.- Contacto indirecto con un arco eléctrico, rayo (pasivo) | B12: 1 | C12: 0 | D12: 0 | E12: =SUM(B12:D12) -> 1
A13: 31.- Aplastamiento sobre o contra, resultado de una caída | B13: 73 | C13: 0 | D13: 0 | E13: =SUM(B13:D13) -> 73
A14: 32.- Aplastamiento sobre o contra, resultado de un tropiezo o choque contra un objeto inmóvil | B14: 21 | C14: 0 | D14: 0 | E14: =SUM(B14:D14) -> 21
A15: 39.- Otro contacto-Tipo de lesión conocido del grupo 30 pero no mencionado anteriormente | B15: 3 | C15: 0 | D15: 0 | E15: =SUM(B15:D15) -> 3
A16: 43.- Choque o golpe contra un objeto-en balanceo | B16: 6 | C16: 0 | D16: 0 | E16: =SUM(B16:D16) -> 6
A17: 44.- Choque o golpe contra un objeto (incluidos los vehículos)-en movimiento | B17: 74 | C17: 0 | D17: 0 | E17: =SUM(B17:D17) -> 74
A18: 45.- Colisión con un objeto (incluidos los vehículos)-colisión con una persona (la víctima está en movimiento) | B18: 70 | C18: 2 | D18: 0 | E18: =SUM(B18:D18) -> 72
A19: 51.- Contacto con un «agente material» cortante (cuchillo u hoja) | B19: 2 | C19: 0 | D19: 0 | E19: =SUM(B19:D19) -> 2
A20: 64.- Amputación, seccionamiento de un miembro, una mano o un dedo | B20: 1 | C20: 0 | D20: 0 | E20: =SUM(B20:D20) -> 1
A21: 71.- Sobreesfuerzo físico-sobre el sistema musculoesquelético | B21: 18 | C21: 0 | D21: 0 | E21: =SUM(B21:D21) -> 18
A22: 79.- Otro contacto-Tipo de lesión conocido del grupo 70 pero no mencionado antes | B22: 1 | C22: 0 | D22: 0 | E22: =SUM(B22:D22) -> 1
A23: 99.- Otro contacto-Tipo de lesión no codificado en la presente clasificación | B23: 1 | C23: 0 | D23: 0 | E23: =SUM(B23:D23) -> 1

Sheet ATR-A9
A1: ACCIDENTES DE TRABAJO | F1: Volver al índice
A3: ATR-A9. ACCIDENTES DE TRABAJO CON BAJA, EN JORNADA, SEGÚN GRAVEDAD,
A4: POR DESCRIPCIÓN DE LA LESIÓN
A6: enero-agosto 2022
B7: EN JORNADA
B8: Leves | C8: Graves | D8: Mortales | E8: TOTAL
A9: TOTAL | B9: =SUM(B11:B42) -> 3833 | C9: =SUM(C11:C42) -> 17 | D9: =SUM(D11:D42) -> 5 | E9: =SUM(E11:E42) -> 3855
A11: 000.- Tipo de lesión desconocida o sin especificar | B11: 68 | C11: 0 | D11: 0 | E11: =SUM(B11:D11) -> 68
A12: 011.- Lesiones superficiales | B12: 444 | C12: 3 | D12: 0 | E12: =SUM(B12:D12) -> 447
A13: 012.- Heridas abiertas | B13: 347 | C13: 0 | D13: 0 | E13: =SUM(B13:D13) -> 347
A14: 019.- Otros tipos de heridas y lesiones superficiales | B14: 390 | C14: 0 | D14: 0 | E14: =SUM(B14:D14) -> 390
A15: 021.- Fracturas cerradas | B15: 130 | C15: 2 | D15: 0 | E15: =SUM(B15:D15) -> 132
A16: 022.- Fracturas abiertas | B16: 14 | C16: 1 | D16: 0 | E16: =SUM(B16:D16) -> 15
A17: 029.- Otros tipos de fracturas de huesos | B17: 16 | C17: 0 | D17: 0 | E17: =SUM(B17:D17) -> 16
A18: 031.- Dislocaciones y subluxaciones | B18: 159 | C18: 0 | D18: 0 | E18: =SUM(B18:D18) -> 159
A19: 032.- Esguinces y torceduras | B19: 543 | C19: 0 | D19: 0 | E19: =SUM(B19:D19) -> 543
A20: 039.- Otros tipos de dislocaciones, esguinces y torceduras | B20: 323 | C20: 2 | D20: 0 | E20: =SUM(B20:D20) -> 325
A21: 040.- Amputaciones traumáticas (pérdida de partes del cuerpo) | B21: 6 | C21: 1 | D21: 0 | E21: =SUM(B21:D21) -> 7
A22: 051.- Conmociones y lesiones intracraneales | B22: 3 | C22: 0 | D22: 0 | E22: =SUM(B22:D22) -> 3
... A38: 999.- Otras lesiones especificadas no incluidas en otros apartados | B38: 52 | C38: 3 | D38: 0 | E38: =SUM(B38:D38) -> 55

Sheet ATR-A9_II
A1: ACCIDENTES DE TRABAJO | F1: Volver al índice
A3: ATR-A9_II. ACCIDENTES DE TRABAJO CON BAJA, IN ITINERE, SEGÚN GRAVEDAD,
A4: POR DESCRIPCIÓN DE LA LESIÓN
A6: enero-agosto 2022
B8: Leves | C8: Graves | D8: Mortales | E8: TOTAL
A9: TOTAL | B9: =SUM(B11:B28) -> 272 | C9: =SUM(C11:C28) -> 2 | D9: =SUM(D11:D28) -> 0 | E9: =SUM(E11:E35) -> 274
A11: 000.- Tipo de lesión desconocida o sin especificar | B11: 9 | C11: 0 | D11: 0 | E11: =SUM(B11:D11) -> 9
A12: 011.- Lesiones superficiales | B12: 30 | C12: 0 | D12: 0 | E12: =SUM(B12:D12) -> 30
A13: 012.- Heridas abiertas | B13: 8 | C13: 0 | D13: 0 | E13: =SUM(B13:D13) -> 8
A14: 019.- Otros tipos de heridas y lesiones superficiales | B14: 43 | C14: 0 | D14: 0 | E14: =SUM(B14:D14) -> 43
A15: 021.- Fracturas cerradas | B15: 22 | C15: 2 | D15: 0 | E15: =SUM(B15:D15) -> 24
A16: 022.- Fracturas abiertas | B16: 2 | C16: 0 | D16: 0 | E16: =SUM(B16:D16) -> 2
A17: 029.- Otros tipos de fracturas de huesos | B17: 3 | C17: 0 | D17: 0 | E17: =SUM(B17:D17) -> 3
A18: 031.- Dislocaciones y subluxaciones | B18: 14 | C18: 0 | D18: 0 | E18: =SUM(B18:D18) -> 14
A19: 032.- Esguinces y torceduras | B19: 58 | C19: 0 | D19: 0 | E19: =SUM(B19:D19) -> 58
A20: 039.- Otros tipos de dislocaciones, esguinces y torceduras | B20: 28 | C20: 0 | D20: 0 | E20: =SUM(B20:D20) -> 28
A21: 052.- Lesiones internas | B21: 26 | C21: 0 | D21: 0 | E21: =SUM(B21:D21) -> 26
A22: 059.- Otros tipos de conmoción y lesiones internas | B22: 3 | C22: 0 | D22: 0 | E22: =SUM(B22:D22) -> 3
... A26: 999.- Otras lesiones especificadas no incluidas en otros apartados | B26: 8 | C26: 0 | D26: 0 | E26: =SUM(B26:D26) -> 8

Sheet ATR-A10
A1: ACCIDENTES DE TRABAJO | F1: Volver al índice
A3: ATR-A10. ACCIDENTES DE TRABAJO CON BAJA, EN JORNADA, SEGÚN GRAVEDAD,
A4: POR PARTE DEL CUERPO LESIONADA
A6: enero-agosto 2022
B8: Leves | C8: Graves | D8: Mortales | E8: TOTAL
A9: TOTAL | B9: =SUM(B11:B45) -> 3833 | C9: =SUM(C11:C45) -> 17 | D9: =SUM(D11:D45) -> 5 | E9: =SUM(E11:E45) -> 3855
A11: 00.- Parte del cuerpo afectada, sin especificar | B11: 3 | C11: 0 | D11: 0 | E11: =SUM(B11:D11) -> 3
A12: 11.- Cabeza (Caput), cerebro, nervios craneanos y vasos cerebrales | B12: 13 | C12: 3 | D12: 1 | E12: =SUM(B12:D12) -> 17
A13: 12.- Zona facial | B13: 27 | C13: 0 | D13: 0 | E13: =SUM(B13:D13) -> 27
A14: 13.- Ojo(s) | B14: 64 | C14: 5 | D14: 0 | E14: =SUM(B14:D14) -> 69
A15: 18.- Cabeza, múltiples partes afectadas | B15: 8 | C15: 0 | D15: 0 | E15: =SUM(B15:D15) -> 8
A16: 19.- Cabeza, otras partes no mencionadas anteriormente | B16: 33 | C16: 0 | D16: 0 | E16: =SUM(B16:D16) -> 33
A17: 21.- Cuello, incluida la columna y las vértebras del cuello | B17: 55 | C17: 0 | D17: 0 | E17: =SUM(B17:D17) -> 55
A18: 29.- Cuello, otras partes no mencionadas anteriormente | B18: 19 | C18: 0 | D18: 0 | E18: =SUM(B18:D18) -> 19
A19: 31.- Espalda, incluida la columna y las vértebras de la espalda | B19: 382 | C19: 0 | D19: 0 | E19: =SUM(B19:D19) -> 382
A20: 39.- Espalda, otras partes no mencionadas anteriormente | B20: 119 | C20: 1 | D20: 0 | E20: =SUM(B20:D20) -> 120
A21: 41.- Caja torácica, costillas, incluidos omoplatos y articulaciones acromioclaviculares | B21: 101 | C21: 0 | D21: 0 | E21: =SUM(B21:D21) -> 101
A22: 42.- Región torácica, incluidos sus órganos | B22: 11 | C22: 0 | D22: 1 | E22: =SUM(B22:D22) -> 12
... A42: 99.- Otras partes del cuerpo no mencionadas anteriormente | B42: 2 | C42: 1 | D42: 0 | E42: =SUM(B42:D42) -> 3

Sheet ATR-A10_II
A1: ACCIDENTES DE TRABAJO | F1: Volver al índice
A3: ATR-A10_II. ACCIDENTES DE TRABAJO CON BAJA, IN ITINERE, SEGÚN GRAVEDAD,
A4: POR PARTE DEL CUERPO LESIONADA
A6: enero-agosto 2022
B8: Leves | C8: Graves | D8: Mortales | E8: TOTAL
A9: TOTAL | B9: =SUM(B11:B40) -> 272 | C9: =SUM(C11:C40) -> 2 | D9: =SUM(D11:D40) -> 0 | E9: =SUM(E11:E40) -> 274
A11: 12.- Zona facial | B11: 3 | C11: 0 | D11: 0 | E11: =SUM(B11:D11) -> 3
A12: 18.- Cabeza, múltiples partes afectadas | B12: 1 | C12: 0 | D12: 0 | E12: =SUM(B12:D12) -> 1
A13: 19.- Cabeza, otras partes no mencionadas anteriormente | B13: 2 | C13: 0 | D13: 0 | E13: =SUM(B13:D13) -> 2
A14: 21.- Cuello, incluida la columna y las vértebras del cuello | B14: 46 | C14: 0 | D14: 0 | E14: =SUM(B14:D14) -> 46
A15: 29.- Cuello, otras partes no mencionadas anteriormente | B15: 27 | C15: 0 | D15: 0 | E15: =SUM(B15:D15) -> 27
A16: 31.- Espalda, incluida la columna y las vértebras de la espalda | B16: 12 | C16: 0 | D16: 0 | E16: =SUM(B16:D16) -> 12
A17: 39.- Espalda, otras partes no mencionadas anteriormente | B17: 9 | C17: 1 | D17: 0 | E17: =SUM(B17:D17) -> 10
A18: 41.- Caja torácica, costillas, incluidos omoplatos y articulaciones acromioclaviculares | B18: 13 | C18: 0 | D18: 0 | E18: =SUM(B18:D18) -> 13
A19: 42.- Región torácica, incluidos sus órganos | B19: 1 | C19: 0 | D19: 0 | E19: =SUM(B19:D19) -> 1
A20: 43.- Región pélvica y abdominal, incluidos sus órganos | B20: 2 | C20: 0 | D20: 0 | E20: =SUM(B20:D20) -> 2
A21: 51.- Hombro y articulaciones del húmero | B21: 4 | C21: 0 | D21: 0 | E21: =SUM(B21:D21) -> 4
A22: 52.- Brazo, incluida la articulación del cúbito | B22: 6 | C22: 0 | D22: 0 | E22: =SUM(B22:D22) -> 6
... A36: 99.- Otras partes del cuerpo no mencionadas anteriormente | B36: 1 | C36: 0 | D36: 0 | E36: =SUM(B36:D36) -> 1

Sheet ATR-A11
A1: ACCIDENTES DE TRABAJO | F1: Volver al índice
A3: ATR-A11. ACCIDENTES DE TRABAJO CON BAJA, EN JORNADA, SEGÚN TIPO DE CONTRATO
A4: DEL ACCIDENTADO
A6: enero-agosto 2022
B8: Leves | C8: Graves | D8: Mortales | E8: TOTAL
A9: TOTAL | B9: =SUM(B11:B41) -> 3833 | C9: =SUM(C11:C41) -> 17 | D9: =SUM(D11:D41) -> 5 | E9: =SUM(B9:D9) -> 3855
A11: 01.- Indefinido tiempo completo | B11: 2206 | C11: 10 | D11: 2 | E11: =SUM(B11:D11) -> 2218
A12: 02.- Indefinido tiempo parcial | B12: 194 | C12: 0 | D12: 0 | E12: =SUM(B12:D12) -> 194
A13: 03.- Temporal tiempo completo | B13: 977 | C13: 5 | D13: 2 | E13: =SUM(B13:D13) -> 984
A14: 04.- Temporal tiempo parcial | B14: 130 | C14: 0 | D14: 0 | E14: =SUM(B14:D14) -> 130
A15: 05.- Indefinido (fijo discontinuo) | B15: 118 | C15: 0 | D15: 0 | E15: =SUM(B15:D15) -> 118
A16: 06.- Otros | B16: 203 | C16: 2 | D16: 1 | E16: =SUM(B16:D16) -> 206
A17: 99.- No consta | B17: 5 | C17: 0 | D17: 0 | E17: =SUM(B17:D17) -> 5

Sheet ATR-A11_II
A1: ACCIDENTES DE TRABAJO | F1: Volver al índice
A3: ATR-A11. ACCIDENTES DE TRABAJO CON BAJA, IN ITINERE, SEGÚN TIPO DE CONTRATO
A4: DEL ACCIDENTADO
A6: enero-agosto 2022
B8: Leves | C8: Graves | D8: Mortales | E8: TOTAL
A9: TOTAL | B9: =SUM(B11:B38) -> 272 | C9: =SUM(C11:C38) -> 2 | D9: =SUM(D11:D38) -> 0 | E9: =SUM(B9:D9) -> 274
A11: 01.- Indefinido tiempo completo | B11: 127 | C11: 0 | D11: 0 | E11: =SUM(B11:D11) -> 127
A12: 02.- Indefinido tiempo parcial | B12: 44 | C12: 0 | D12: 0 | E12: =SUM(B12:D12) -> 44
A13: 03.- Temporal tiempo completo | B13: 61 | C13: 0 | D13: 0 | E13: =SUM(B13:D13) -> 61
A14: 04.- Temporal tiempo parcial | B14: 18 | C14: 2 | D14: 0 | E14: =SUM(B14:D14) -> 20
A15: 05.- Indefinido (fijo discontinuo) | B15: 12 | C15: 0 | D15: 0 | E15: =SUM(B15:D15) -> 12
A16: 06.- Otros | B16: 10 | C16: 0 | D16: 0 | E16: =SUM(B16:D16) -> 10
A17: 99.- No consta | B17: 0 | C17: 0 | D17: 0 | E17: =SUM(B17:D17) -> 0

Sheet ATR-A12
A1: ACCIDENTES DE TRABAJO | F1: Volver al índice
A3: ATR-A12. ACCIDENTES DE TRABAJO CON BAJA, EN JORNADA, SEGÚN ANTIGÜEDAD
A4: DEL ACCIDENTADO EN LA EMPRESA
A6: enero-agosto 2022
B8: Leves | C8: Graves | D8: Mortales | E8: TOTAL
A9: TOTAL | B9: =SUM(B11:B26) -> 3833 | C9: =SUM(C11:C26) -> 17 | D9: =SUM(D11:D26) -> 5 | E9: =SUM(B9:D9) -> 3855
A11: 01.- Menos de 1 mes" | B11: 369 | C11: 2 | D11: 1 | E11: =SUM(B11:D11) -> 372
A12: 02.- De 1 a 3 meses | B12: 419 | C12: 3 | D12: 0 | E12: =SUM(B12:D12) -> 422
A13: 03.- De 4 a 6 meses | B13: 296 | C13: 2 | D13: 1 | E13: =SUM(B13:D13) -> 299
A14: 04.- De 7 a 12 meses | B14: 349 | C14: 1 | D14: 1 | E14: =SUM(B14:D14) -> 351
A15: 05.- De 13 meses a 2 años | B15: 337 | C15: 2 | D15: 0 | E15: =SUM(B15:D15) -> 339
A16: 06.- De 2 a 5 años | B16: 694 | C16: 3 | D16: 1 | E16: =SUM(B16:D16) -> 698
A17: 07.- De 5 a 10 años | B17: 424 | C17: 1 | D17: 0 | E17: =SUM(B17:D17) -> 425
A18: 08.- De 10 a 15 años | B18: 364 | C18: 1 | D18: 1 | E18: =SUM(B18:D18) -> 366
A19: 09.- De 15 a 20 años | B19: 275 | C19: 0 | D19: 0 | E19: =SUM(B19:D19) -> 275
A20: 10.- De 20 a 25 años | B20: 167 | C20: 0 | D20: 0 | E20: =SUM(B20:D20) -> 167
A21: 11.- Más de 25 años | B21: 139 | C21: 2 | D21: 0 | E21: =SUM(B21:D21) -> 141

Sheet ATR-A12_II
A1: ACCIDENTES DE TRABAJO | F1: Volver al índice
A3: ATR-A12. ACCIDENTES DE TRABAJO CON BAJA, IN ITINERE, SEGÚN ANTIGÜEDAD
A4: DEL ACCIDENTADO EN LA EMPRESA
A6: enero-agosto 2022
B8: Leves | C8: Graves | D8: Mortales | E8: TOTAL
A9: TOTAL | B9: =SUM(B11:B28) -> 272 | C9: =SUM(C11:C28) -> 2 | D9: =SUM(D11:D28) -> 0 | E9: =SUM(B9:D9) -> 274
A11: 01.- Menos de 1 mes | B11: 26 | C11: 0 | D11: 0 | E11: =SUM(B11:D11) -> 26
A12: 02.- De 1 a 3 meses | B12: 48 | C12: 2 | D12: 0 | E12: =SUM(B12:D12) -> 50
A13: 03.- De 4 a 6 meses | B13: 25 | C13: 0 | D13: 0 | E13: =SUM(B13:D13) -> 25
A14: 04.- De 7 a 12 meses | B14: 30 | C14: 0 | D14: 0 | E14: =SUM(B14:D14) -> 30
A15: 05.- De 13 meses a 2 años | B15: 22 | C15: 0 | D15: 0 | E15: =SUM(B15:D15) -> 22
A16: 06.- De 2 a 5 años | B16: 40 | C16: 0 | D16: 0 | E16: =SUM(B16:D16) -> 40
A17: 07.- De 5 a 10 años | B17: 24 | C17: 0 | D17: 0 | E17: =SUM(B17:D17) -> 24
A18: 08.- De 10 a 15 años | B18: 18 | C18: 0 | D18: 0 | E18: =SUM(B18:D18) -> 18
A19: 09.- De 15 a 20 años | B19: 18 | C19: 0 | D19: 0 | E19: =SUM(B19:D19) -> 18
A20: 10.- De 20 a 25 años | B20: 10 | C20: 0 | D20: 0 | E20: =SUM(B20:D20) -> 10
A21: 11.- Más de 25 años | B21: 11 | C21: 0 | D21: 0 | E21: =SUM(B21:D21) -> 11

Sheet ATR-A13
A1: ACCIDENTES DE TRABAJO | F1: Volver al índice
A3: ATR-A13. ACCIDENTES DE TRABAJO CON BAJA, EN JORNADA, SEGÚN RELACIÓN LABORAL
A4: DEL ACCIDENTADO
A6: enero-agosto 2022
B8: Leves | C8: Graves | D8: Mortales | E8: TOTAL
A9: TOTAL | B9: =SUM(B11:B34) -> 3833 | C9: =SUM(C11:C34) -> 17 | D9: =SUM(D11:D34) -> 5 | E9: =SUM(B9:D9) -> 3855
A11: Asalariado sector privado | B11: 2553 | C11: 14 | D11: 4 | E11: =SUM(B11:D11) -> 2571
A12: Asalariado sector público | B12: 1077 | C12: 1 | D12: 0 | E12: =SUM(B12:D12) -> 1078
A13: Autónomo con asalariados | B13: 40 | C13: 2 | D13: 0 | E13: =SUM(B13:D13) -> 42
A14: Autónomo sin asalariados | B14: 155 | C14: 0 | D14: 0 | E14: =SUM(B14:D14) -> 155
A15: No consta | B15: 8 | C15: 0 | D15: 1 | E15: =SUM(B15:D15) -> 9

Sheet ATR-A13_II
A1: ACCIDENTES DE TRABAJO | F1: Volver al índice
A3: ATR-A13. ACCIDENTES DE TRABAJO CON BAJA, IN ITINERE, SEGÚN RELACIÓN LABORAL
A4: DEL ACCIDENTADO
A6: enero-agosto 2022
B8: Leves | C8: Graves | D8: Mortales | E8: TOTAL
A9: TOTAL | B9: =SUM(B11:B36) -> 272 | C9: =SUM(C11:C36) -> 2 | D9: =SUM(D11:D36) -> 0 | E9: =SUM(B9:D9) -> 274
A11: Asalariado sector privado | B11: 222 | C11: 2 | D11: 0 | E11: =SUM(B11:D11) -> 224
A12: Asalariado sector público | B12: 40 | C12: 0 | D12: 0 | E12: =SUM(B12:D12) -> 40
A13: Autónomo con asalariados | B13: 3 | C13: 0 | D13: 0 | E13: =SUM(B13:D13) -> 3
A14: Autónomo sin asalariados | B14: 6 | C14: 0 | D14: 0 | E14: =SUM(B14:D14) -> 6
A15: No consta | B15: 1 | C15: 0 | D15: 0 | E15: =SUM(B15:D15) -> 1

Sheet ATR-I2.1
A1: ACCIDENTES DE TRABAJO
A3: ATR-I2.1 ÍNDICES DE INCIDENCIA DE ACCIDENTES DE TRABAJO CON BAJA EN JORNADA
A4: POR SECTOR Y SECCIÓN DE ACTIVIDAD.TOTAL
A6: enero-agosto 2022
D7: ACCIDENTES EN JORNADA (1) | G7: AFILIADOS EN MEDIA MENSUAL (2) | I7: ÍNDICES DE INCIDENCIA EN MEDIA MENSUAL (3)
D8: Total | E8: Mortales | I8: Total | J8: Mortales
B9: TOTAL | D9: ='ATR-A2.1'!F9 -> 3855 | E9: ='ATR-A2.1'!E9 -> 5 | G9: =SUM(G12:G15) -> 129134.25 | I9: =(D9*100000/G9)/8 -> 373.15817 | J9: =(E9*100000/G9)/8 -> 0.48399243
B11: SECTOR
B12: Agrario | D12: =D18 -> 161 | E12: =E18 -> 0 | G12: =G18 -> 6989.125 | I12: =(D12*100000/G12)/8 -> 287.94735 | J12: =(E12*100000/G12)/8 -> 0
B13: Industria | D13: =SUM(D19:D22) -> 906 | E13: =SUM(E19:E22) -> 2 | G13: =SUM(G19:G22) -> 26721.125 | I13: =(D13*100000/G13)/8 -> 423.82198 | J13: =(E13*100000/G13)/8 -> 0.93558935
B14: Construcción | D14: =D23 -> 464 | E14: =E23 -> 1 | G14: =G23 -> 8600.875 | I14: =(D14*100000/G14)/8 -> 674.34999 | J14: =(E14*100000/G14)/8 -> 1.4533405
B15: Servicios | D15: =SUM(D24:D37) -> 2324 | E15: =SUM(E24:E37) -> 2 | G15: =SUM(G24:G38) -> 86823.125 | I15: =(D15*100000/G15)/8 -> 334.58828 | J15: =(E15*100000/G15)/8 -> 0.28794172
B17: SECCIÓN
A18: A | B18: Agricultura, ganadería, silvicultura y pesca | D18: =SUM('ATR-A2.1'!F18:F20) -> 161 | E18: =SUM('ATR-A2.1'!E18:E20) -> 0 | G18: 6989.125 | I18: =(D18*100000/G18)/8 -> 287.94735 | J18: =(E18*100000/G18)/8 -> 0
A19: B | B19: Industrias extractivas | D19: =SUM('ATR-A2.2'!F21) -> 8 | E19: =SUM('ATR-A2.2'!E21) -> 0 | G19: 140.875 | I19: =(D19*100000/G19)/8 -> 709.84916 | J19: =(E19*100000/G19)/8 -> 0
A20: C | B20: Industria manufacturera | D20: =SUM('ATR-A2.1'!F22:F40) -> 855 | E20: =SUM('ATR-A2.1'!E22:E40) -> 2 | G20: 25272.375 | I20: =(D20*100000/G20)/8 -> 422.89259 | J20: =(E20*100000/G20)/8 -> 0.98922242
A21: D | B21: Suministro de energía eléctrica, gas, vapor y aire acondicionado | D21: 0 | E21: 0 | G21: 185.5 | I21: =(D21*100000/G21)/8 -> 0 | J21: =(E21*100000/G21)/8 -> 0
A22: E | B22: Suministro de agua, saneamiento, gestión residuos | D22: =SUM('ATR-A2.1'!F41:F43) -> 43 | E22: =SUM('ATR-A2.1'!E41:E43) -> 0 | G22: 1122.375 | I22: =(D22*100000/G22)/8 -> 478.8952 | J22: =(E22*100000/G22)/8 -> 0
A23: F | B23: Construcción | D23: =SUM('ATR-A2.1'!F44:F46) -> 464 | E23: =SUM('ATR-A2.1'!E44:E46) -> 1 | G23: 8600.875 | I23: =(D23*100000/G23)/8 -> 674.34999 | J23: =(E23*100000/G23)/8 -> 1.4533405
A24: G | B24: Comercio al por mayor y por menor; reparación vehículos motor | D24: =SUM('ATR-A2.1'!F47:F49) -> 334 | E24: =SUM('ATR-A2.1'!E47:E49) -> 0 | G24: 19262.625 | I24: =(D24*100000/G24)/8 -> 216.74097 | J24: =(E24*100000/G24)/8 -> 0
A25: H | B25: Transporte y almacenamiento | D25: =SUM('ATR-A2.1'!F50:F52) -> 132 | E25: =SUM('ATR-A2.1'!E50:E52) -> 1 | G25: 4625.125 | I25: =(D25*100000/G25)/8 -> 356.74711 | J25: =(E25*100000/G25)/8 -> 2.7026297
A26: I | B26: Hostelería | D26: =SUM('ATR-A2.1'!F53:F54) -> 182 | E26: =SUM('ATR-A2.1'!E53:E54) -> 0 | G26: 9682 | I26: =(D26*100000/G26)/8 -> 234.97211 | J26: =(E26*100000/G26)/8 -> 0
A27: J | B27: Información y comunicaciones | D27: =SUM('ATR-A2.1'!F55:F56) -> 4 | E27: =SUM('ATR-A2.1'!E55:E56) -> 0 | G27: 1855.875 | I27: =(D27*100000/G27)/8 -> 26.94147 | J27: =(E27*100000/G27)/8 -> 0
A28: K | B28: Actividades financieras y de seguros | D28: 0 | E28: 0 | G28: 1778 | I28: =(D28*100000/G28)/8 -> 0 | J28: =(E28*100000/G28)/8 -> 0
A29: L | B29: Actividades inmobiliarias | D29: =SUM('ATR-A2.1'!F57:F57) -> 1 | E29: =SUM('ATR-A2.1'!E57:E57) -> 0 | G29: 513.875 | I29: =(D29*100000/G29)/8 -> 24.324982 | J29: =(E29*100000/G29)/8 -> 0
A30: M | B30: Actividades profesionales, científicas y técnicas | D30: =SUM('ATR-A2.1'!F58:F60) -> 17 | E30: =SUM('ATR-A2.1'!E58:E60) -> 0 | G30: 5015.5 | I30: =(D30*100000/G30)/8 -> 42.368657 | J30: =(E30*100000/G30)/8 -> 0
A31: N | B31: Actividades administrativas y servicios auxiliares | D31: =SUM('ATR-A2.1'!F61:F66) -> 275 | E31: =SUM('ATR-A2.1'!E61:E66) -> 1 | G31: 7349.625 | I31: =(D31*100000/G31)/8 -> 467.71094 | J31: =(E31*100000/G31)/8 -> 1.700767
A32: O | B32: Administración Pública y defensa; Seguridad social obligatoria | D32: =SUM('ATR-A2.1'!F67) -> 139 | E32: =SUM('ATR-A2.1'!E67) -> 0 | G32: 6986 | I32: =(D32*100000/G32)/8 -> 248.71171 | J32: =(E32*100000/G32)/8 -> 0
A33: P | B33: Educación | D33: =SUM('ATR-A2.1'!F68:F68) -> 29 | E33: =SUM('ATR-A2.1'!E68:E68) -> 0 | G33: 9245.625 | I33: =(D33*100000/G33)/8 -> 39.207733 | J33: =(E33*100000/G33)/8 -> 0
A34: Q | B34: Actividades sanitarias y de servicios sociales | D34: =SUM('ATR-A2.1'!F69:F71) -> 1118 | E34: =SUM('ATR-A2.1'!E69:E71) -> 0 | G34: 12393 | I34: =(D34*100000/G34)/8 -> 1127.6527 | J34: =(E34*100000/G34)/8 -> 0
A35: R | B35: Actividades artísticas, recreativas y de entretenimiento | D35: =SUM('ATR-A2.1'!F72:F74) -> 65 | E35: =SUM('ATR-A2.1'!E72:E74) -> 0 | G35: 2274.625 | I35: =(D35*100000/G35)/8 -> 357.20174 | J35: =(E35*100000/G35)/8 -> 0
A36: S | B36: Otros servicios | D36: =SUM('ATR-A2.1'!F75:F77) -> 21 | E36: =SUM('ATR-A2.1'!E75:E77) -> 0 | G36: 3244.625 | I36: =(D36*100000/G36)/8 -> 80.903032 | J36: =(E36*100000/G36)/8 -> 0
A37: T | B37: Actividades de hogares empleadores de personal doméstico | D37: =SUM('ATR-A2.1'!F78:F80) -> 7 | E37: =SUM('ATR-A2.1'!E78:E80) -> 0 | G37: 2589.875 | I37: =(D37*100000/G37)/8 -> 33.785414 | J37: =(E37*100000/G37)/8 -> 0
A38: U | B38: Actividades de organizaciones y organismos extraterritoriales | D38: 0 | E38: 0 | G38: 6.75 | I38: =(D38*100000/G38)/8 -> 0 | J38: =(E38*100000/G38)/8 -> 0
A39: 00 | B39: Sin actividad económica
A41: (2) Media del dato de afiliados a último día de mes que tienen cubiertas las contingencias profesionales (véanse Fuentes y Notas explicativas).
A42: (3) Indices calculados utilizando, en el numerador, la media mensual de los accidentes con baja en jornada de trabajo del período considerado, multiplicado por cien mil y, en el denominador, la media mensual de los afiliados a la Seguridad Social con la contingencia de accidente cubierta en dicho período. (Véanse Fuentes y Notas Explicativas).

Sheet ATR-I2.2
A1: ACCIDENTES DE TRABAJO
A3: ATR-I2.2 ÍNDICES DE INCIDENCIA DE ACCIDENTES DE TRABAJO CON BAJA EN JORNADA
A4: POR SECTOR Y SECCIÓN DE ACTIVIDAD.ASALARIADOS
A6: enero-agosto 2022
D7: ACCIDENTES EN JORNADA (1) | G7: AFILIADOS EN MEDIA MENSUAL (2) | I7: ÍNDICES DE INCIDENCIA EN MEDIA MENSUAL (3)
D8: Total | E8: Mortales | I8: Total | J8: Mortales
B9: TOTAL | D9: =SUM(D12:D15) -> 3649 | E9: =SUM(E12:E15) -> 4 | G9: =SUM(G12:G15) -> 105576.62 | I9: =(D9*100000/G9)/8 -> 432.03219 | J9: =(E9*100000/G9)/8 -> 0.47358968
B11: SECTOR
B12: Agrario | D12: =D18 -> 126 | E12: =E18 -> 0 | G12: =G18 -> 4169.25 | I12: =(D12*100000/G12)/8 -> 377.76579 | J12: =(E12*100000/G12)/8 -> 0
B13: Industria | D13: =SUM(D19:D22) -> 885 | E13: =SUM(E19:E22) -> 1 | G13: =SUM(G19:G22) -> 24686.25 | I13: =(D13*100000/G13)/8 -> 448.12396 | J13: =(E13*100000/G13)/8 -> 0.50635475
B14: Construcción | D14: =D23 -> 407 | E14: =E23 -> 1 | G14: =G23 -> 5600 | I14: =(D14*100000/G14)/8 -> 908.48214 | J14: =(E14*100000/G14)/8 -> 2.2321429
B15: Servicios | D15: =SUM(D24:D37) -> 2231 | E15: =SUM(E24:E37) -> 2 | G15: =SUM(G24:G38) -> 71121.125 | I15: =(D15*100000/G15)/8 -> 392.11275 | J15: =(E15*100000/G15)/8 -> 0.351513
B17: SECCIÓN
A18: A | B18: Agricultura, ganadería, silvicultura y pesca | D18: =SUM('ATR-A2.2'!F18:F20) -> 126 | E18: =SUM('ATR-A2.2'!E18:E20) -> 0 | G18: 4169.25 | I18: =(D18*100000/G18)/8 -> 377.76579 | J18: =(E18*100000/G18)/8 -> 0
A19: B | B19: Industrias extractivas | D19: =SUM('ATR-A2.2'!F21) -> 8 | E19: =SUM('ATR-A2.2'!E21) -> 0 | G19: 127.75 | I19: =(D19*100000/G19)/8 -> 782.77886 | J19: =(E19*100000/G19)/8 -> 0
A20: C | B20: Industria manufacturera | D20: =SUM('ATR-A2.2'!F22:F40) -> 834 | E20: =SUM('ATR-A2.2'!E22:E40) -> 1 | G20: 23283.625 | I20: =(D20*100000/G20)/8 -> 447.73956 | J20: =(E20*100000/G20)/8 -> 0.53685798
A21: D | B21: Suministro de energía eléctrica, gas, vapor y aire acondicionado | G21: 175.5 | I21: =(D21*100000/G21)/8 -> 0 | J21: =(E21*100000/G21)/8 -> 0
A22: E | B22: Suministro de agua, saneamiento, gestión residuos | D22: =SUM('ATR-A2.2'!F41:F43) -> 43 | E22: =SUM('ATR-A2.2'!E41:E43) -> 0 | G22: 1099.375 | I22: =(D22*100000/G22)/8 -> 488.91416 | J22: =(E22*100000/G22)/8 -> 0
A23: F | B23: Construcción | D23: =SUM('ATR-A2.2'!F44:F46) -> 407 | E23: =SUM('ATR-A2.2'!E44:E46) -> 1 | G23: 5600 | I23: =(D23*100000/G23)/8 -> 908.48214 | J23: =(E23*100000/G23)/8 -> 2.2321429
A24: G | B24: Comercio al por mayor y por menor; reparación vehículos motor | D24: =SUM('ATR-A2.2'!F47:F49) -> 309 | E24: =SUM('ATR-A2.2'!E47:E49) -> 0 | G24: 13889.5 | I24: =(D24*100000/G24)/8 -> 278.08776 | J24: =(E24*100000/G24)/8 -> 0
A25: H | B25: Transporte y almacenamiento | D25: =SUM('ATR-A2.2'!F50:F52) -> 117 | E25: =SUM('ATR-A2.2'!E50:E52) -> 1 | G25: 3592.875 | I25: =(D25*100000/G25)/8 -> 407.05563 | J25: =(E25*100000/G25)/8 -> 3.479108
A26: I | B26: Hostelería | D26: =SUM('ATR-A2.2'!F53:F54) -> 162 | E26: =SUM('ATR-A2.2'!E53:E54) -> 0 | G26: 7178.75 | I26: =(D26*100000/G26)/8 -> 282.08254 | J26: =(E26*100000/G26)/8 -> 0
A27: J | B27: Información y comunicaciones | D27: =SUM('ATR-A2.2'!F55:F56) -> 4 | E27: =SUM('ATR-A2.2'!E55:E56) -> 0 | G27: 1551.25 | I27: =(D27*100000/G27)/8 -> 32.232071 | J27: =(E27*100000/G27)/8 -> 0
A28: K | B28: Actividades financieras y de seguros | G28: 1360.875 | I28: =(D28*100000/G28)/8 -> 0 | J28: =(E28*100000/G28)/8 -> 0
A29: L | B29: Actividades inmobiliarias | D29: =SUM('ATR-A2.2'!F57:F57) -> 1 | E29: =SUM('ATR-A2.2'!E57:E57) -> 0 | G29: 329 | I29: =(D29*100000/G29)/8 -> 37.993921 | J29: =(E29*100000/G29)/8 -> 0
A30: M | B30: Actividades profesionales, científicas y técnicas | D30: =SUM('ATR-A2.2'!F58:F60) -> 13 | E30: =SUM('ATR-A2.2'!E58:E60) -> 0 | G30: 3055.25 | I30: =(D30*100000/G30)/8 -> 53.187137 | J30: =(E30*100000/G30)/8 -> 0
A31: N | B31: Actividades administrativas y servicios auxiliares | D31: 261 | E31: =SUM('ATR-A2.2'!E61:E66) -> 1 | G31: 6636.25 | I31: =(D31*100000/G31)/8 -> 491.61801 | J31: =(E31*100000/G31)/8 -> 1.8835939
A32: O | B32: Administración Pública y defensa; Seguridad social obligatoria | D32: 139 | E32: =SUM('ATR-A2.2'!E67) -> 0 | G32: 6980.625 | I32: =(D32*100000/G32)/8 -> 248.90321 | J32: =(E32*100000/G32)/8 -> 0
A33: P | B33: Educación | D33: ='ATR-A2.2'!C66 -> 26 | E33: =SUM('ATR-A2.2'!E68:E68) -> 0 | G33: 8566.5 | I33: =(D33*100000/G33)/8 -> 37.938481 | J33: =(E33*100000/G33)/8 -> 0
A34: Q | B34: Actividades sanitarias y de servicios sociales | D34: =SUM('ATR-A2.2'!F67:F69) -> 1118 | E34: =SUM('ATR-A2.2'!E69:E71) -> 0 | G34: 11735.875 | I34: =(D34*100000/G34)/8 -> 1190.7932 | J34: =(E34*100000/G34)/8 -> 0
A35: R | B35: Actividades artísticas, recreativas y de entretenimiento | D35: =SUM('ATR-A2.2'!F70:F71) -> 61 | E35: =SUM('ATR-A2.2'!E72:E74) -> 0 | G35: 1793.625 | I35: =(D35*100000/G35)/8 -> 425.11673 | J35: =(E35*100000/G35)/8 -> 0
A36: S | B36: Otros servicios | D36: =SUM('ATR-A2.2'!F72:F74) -> 13 | E36: =SUM('ATR-A2.2'!E75:E77) -> 0 | G36: 1858.25 | I36: =(D36*100000/G36)/8 -> 87.447868 | J36: =(E36*100000/G36)/8 -> 0
A37: T | B37: Actividades de hogares empleadores de personal doméstico | D37: =SUM('ATR-A2.2'!C75) -> 7 | E37: =SUM('ATR-A2.2'!E78:E80) -> 0 | G37: 2589.875 | I37: =(D37*100000/G37)/8 -> 33.785414 | J37: =(E37*100000/G37)/8 -> 0
A38: U | B38: Actividades de organizaciones y organismos extraterritoriales | G38: 2.625 | I38: =(D38*100000/G38)/8 -> 0 | J38: =(E38*100000/G38)/8 -> 0
A39: 00 | B39: Sin actividad económica | I39: - | J39: -
A41: (2) Media del dato de afiliados a último día de mes que tienen cubiertas las contingencias profesionales (véanse Fuentes y Notas explicativas).
A42: (3) Indices calculados utilizando, en el numerador, la media mensual de los accidentes con baja en jornada de trabajo del período considerado, multiplicado por cien mil y, en el denominador, la media mensual de los afiliados a la Seguridad Social con la contingencia de accidente cubierta en dicho período. (Véanse Fuentes y Notas Explicativas).

Sheet ATR-I2.3
A1: ACCIDENTES DE TRABAJO
A3: ATR-I2.3 ÍNDICES DE INCIDENCIA DE ACCIDENTES DE TRABAJO CON BAJA EN JORNADA
A4: POR SECTOR Y SECCIÓN DE ACTIVIDAD.TRABAJADORES POR CUENTA PROPIA
A6: enero-agosto 2022
D7: ACCIDENTES EN JORNADA (1) | G7: AFILIADOS EN MEDIA MENSUAL (2) | I7: ÍNDICES DE INCIDENCIA EN MEDIA MENSUAL (3)
D8: Total | E8: Mortales | I8: Total | J8: Mortales
B9: TOTAL | D9: =SUM(D12:D15) -> 206 | E9: =SUM(E12:E15) -> 1 | G9: =SUM(G12:G15) -> 23557.625 | I9: =(D9*100000/G9)/8 -> 109.30643 | J9: =(E9*100000/G9)/8 -> 0.53061376
B11: SECTOR
B12: Agrario | D12: =D18 -> 35 | E12: =E18 -> 0 | G12: =G18 -> 2819.875 | I12: =(D12*100000/G12)/8 -> 155.14872 | J12: =(E12*100000/G12)/8 -> 0
B13: Industria | D13: =SUM(D19:D22) -> 21 | E13: =SUM(E19:E22) -> 1 | G13: =SUM(G19:G22) -> 2034.875 | I13: =(D13*100000/G13)/8 -> 129.00055 | J13: =(E13*100000/G13)/8 -> 6.1428835
B14: Construcción | D14: =D23 -> 57 | E14: =E23 -> 0 | G14: =G23 -> 3000.875 | I14: =(D14*100000/G14)/8 -> 237.43075 | J14: =(E14*100000/G14)/8 -> 0
B15: Servicios | D15: =SUM(D24:D37) -> 93 | E15: =SUM(E24:E37) -> 0 | G15: =SUM(G24:G38) -> 15702 | I15: =(D15*100000/G15)/8 -> 74.035155 | J15: =(E15*100000/G15)/8 -> 0
B17: SECCIÓN
A18: A | B18: Agricultura, ganadería, silvicultura y pesca | D18: ='ATR-I2.1'!D18-'ATR-I2.2'!D18 -> 35 | E18: ='ATR-I2.1'!E18-'ATR-I2.2'!E18 -> 0 | G18: 2819.875 | I18: =(D18*100000/G18)/8 -> 155.14872 | J18: =(E18*100000/G18)/8 -> 0
A19: B | B19: Industrias extractivas | D19: ='ATR-I2.1'!D19-'ATR-I2.2'!D19 -> 0 | E19: ='ATR-I2.1'!E19-'ATR-I2.2'!E19 -> 0 | G19: 13.125 | I19: =(D19*100000/G19)/8 -> 0 | J19: =(E19*100000/G19)/8 -> 0
A20: C | B20: Industria manufacturera | D20: ='ATR-I2.1'!D20-'ATR-I2.2'!D20 -> 21 | E20: ='ATR-I2.1'!E20-'ATR-I2.2'!E20 -> 1 | G20: 1988.75 | I20: =(D20*100000/G20)/8 -> 131.99246 | J20: =(E20*100000/G20)/8 -> 6.2853551
A21: D | B21: Suministro de energía eléctrica, gas, vapor y aire acondicionado | D21: ='ATR-I2.1'!D21-'ATR-I2.2'!D21 -> 0 | E21: ='ATR-I2.1'!E21-'ATR-I2.2'!E21 -> 0 | G21: 10 | I21: =(D21*100000/G21)/8 -> 0 | J21: =(E21*100000/G21)/8 -> 0
A22: E | B22: Suministro de agua, saneamiento, gestión residuos | D22: ='ATR-I2.1'!D22-'ATR-I2.2'!D22 -> 0 | E22: ='ATR-I2.1'!E22-'ATR-I2.2'!E22 -> 0 | G22: 23 | I22: =(D22*100000/G22)/8 -> 0 | J22: =(E22*100000/G22)/8 -> 0
A23: F | B23: Construcción | D23: ='ATR-I2.1'!D23-'ATR-I2.2'!D23 -> 57 | E23: ='ATR-I2.1'!E23-'ATR-I2.2'!E23 -> 0 | G23: 3000.875 | I23: =(D23*100000/G23)/8 -> 237.43075 | J23: =(E23*100000/G23)/8 -> 0
A24: E | B24: Comercio al por mayor y por menor; reparación vehículos motor | D24: ='ATR-I2.1'!D24-'ATR-I2.2'!D24 -> 25 | E24: ='ATR-I2.1'!E24-'ATR-I2.2'!E24 -> 0 | G24: 5373.125 | I24: =(D24*100000/G24)/8 -> 58.159823 | J24: =(E24*100000/G24)/8 -> 0
A25: H | B25: Transporte y almacenamiento | D25: ='ATR-I2.1'!D25-'ATR-I2.2'!D25 -> 15 | E25: ='ATR-I2.1'!E25-'ATR-I2.2'!E25 -> 0 | G25: 1032.25 | I25: =(D25*100000/G25)/8 -> 181.64204 | J25: =(E25*100000/G25)/8 -> 0
A26: I | B26: Hostelería | D26: ='ATR-I2.1'!D26-'ATR-I2.2'!D26 -> 20 | E26: ='ATR-I2.1'!E26-'ATR-I2.2'!E26 -> 0 | G26: 2503.25 | I26: =(D26*100000/G26)/8 -> 99.870169 | J26: =(E26*100000/G26)/8 -> 0
A27: J | B27: Información y comunicaciones | D27: ='ATR-I2.1'!D27-'ATR-I2.2'!D27 -> 0 | E27: ='ATR-I2.1'!E27-'ATR-I2.2'!E27 -> 0 | G27: 304.625 | I27: =(D27*100000/G27)/8 -> 0 | J27: =(E27*100000/G27)/8 -> 0
A28: K | B28: Actividades financieras y de seguros | D28: ='ATR-I2.1'!D28-'ATR-I2.2'!D28 -> 0 | E28: ='ATR-I2.1'!E28-'ATR-I2.2'!E28 -> 0 | G28: 417.125 | I28: =(D28*100000/G28)/8 -> 0 | J28: =(E28*100000/G28)/8 -> 0
A29: L | B29: Actividades inmobiliarias | D29: ='ATR-I2.1'!D29-'ATR-I2.2'!D29 -> 0 | E29: ='ATR-I2.1'!E29-'ATR-I2.2'!E29 -> 0 | G29: 184.875 | I29: =(D29*100000/G29)/8 -> 0 | J29: =(E29*100000/G29)/8 -> 0
... A36: S | B36: Otros servicios | D36: ='ATR-I2.1'!D36-'ATR-I2.2'!D36 -> 8 | E36: ='ATR-I2.1'!E36-'ATR-I2.2'!E36 -> 0 | G36: 1386.375 | I36: =(D36*100000/G36)/8 -> 72.130556 | J36: =(E36*100000/G36)/8 -> 0
A37: T | B37: Actividades de hogares empleadores de personal doméstico | D37: ='ATR-I2.1'!D37-'ATR-I2.2'!D37 -> 0 | E37: ='ATR-I2.1'!E37-'ATR-I2.2'!E37 -> 0 | G37: 0 | I37: 0 | J37: 0
A38: U | B38: Actividades de organizaciones y organismos extraterritoriales | D38: ='ATR-I2.1'!D38-'ATR-I2.2'!D38 -> 0 | E38: ='ATR-I2.1'!E38-'ATR-I2.2'!E38 -> 0 | G38: 4.125 | I38: =(D38*100000/G38)/8 -> 0 | J38: =(E38*100000/G38)/8 -> 0
A39: 00 | B39: Sin actividad económica | I39: - | J39: -
A41: (2) Media del dato de afiliados a último día de mes que tienen cubiertas las continEencias profesionales (véanse Fuentes y Notas explicativas).
A42: (3) Indices calculados utilizando, en el numerador, la media mensual de los accidentes con baja en jornada de trabajo del período considerado, multiplicado por cien mil y, en el denominador, la media mensual de los afiliados a la SeEuridad Social con la continEencia de accidente cubierta en dicho período. (Véanse Fuentes y Notas Explicativas).

Sheet NOVEDADES
A1: ACCIDENTES DE TRABAJO
A3: NOVEDADES IMPORTANTES EN LOS AVANCES DEL AÑO 2021
A5: A partir del Avance enero 2021 se introduce una novedad importante en relación con los datos por actividad económica. Se deja de considerar el criterio que se venía utilizando históricamente (actividad económica del centro de trabajo donde ha ocurrido el accidente) y se pasa a considerar la actividad económica del centro de trabajo en el que el trabajador está dado de alta en la Seguridad Social. La adopción de este criterio alinea a la estadística española con el estándar europeo. Además, el cálculo de índices de incidencia por actividad económica queda así definido de una manera consistente.

Sheet TAS
A1: Tabla - 1: TIPO DE LUGAR
A2: 000 | B2: Ninguna información
A3: 010 | B3: Zonas industriales - Sin especificar
A4: 011 | B4: Lugar de producción, taller, fábrica
A5: 012 | B5: Área de mantenimiento, taller de reparación
A6: 013 | B6: Áreas destinadas principalmente a almacenamiento, carga, descarga
A7: 019 | B7: Otros Tipos de lugar conocidos del grupo 010, pero no mencionados anteriormente
A8: 020 | B8: Obras, construcción, cantera, mina a cielo abierto - Sin especificar
A9: 021 | B9: Obras - edificio en construcción
A10: 022 | B10: Obras - edificio en demolición, renovación o mantenimiento
A11: 023 | B11: Cantera, mina a cielo abierto, excavación, zanja (incluidas las minas a cielo abierto y la canteras en explotación)
A12: 024 | B12: Obras subterráneas
A13: 025 | B13: Obras en el agua
... A50: 099 | B50: Otros Tipos de lugar conocidos del grupo 090, con excepción de las obras, pero no mencionados anteriormente
A51: 100 | B51: Subterráneos - con excepción de las obras - Sin especificar
A52: 101 | B52: Subterráneos - túneles (carretera, tren, metro, etc.)
A53: 102 | B53: Subterráneos - minas
A54: 103 | B54: Subterráneos - alcantarillas
A55: 109 | B55: Otros Tipos de lugar conocidos del grupo 100, con excepción de las obras, no mencionados anteriormente
A56: 110 | B56: En el agua - con excepción de las obras - Sin especificar
A57: 111 | B57: Mares u océanos - a bordo de todo tipo de navíos, plataformas, buques, barcos, barcazas
A58: 112 | B58: Lagos, ríos, puertos - a bordo de todo tipo de navíos, plataformas, buques, barcos, barcazas
A59: 119 | B59: Otros Tipos de lugar conocidos del grupo 110, con excepción de las obras, pero no mencionados anteriormente
A60: 120 | B60: En medio hiperbárico - con excepción de las obras - Sin especif.
A61: 121 | B61: En medio hiperbárico - bajo el agua (inmersiones, etc.)
A62: 122 | B62: En medio hiperbárico - cámara hiperbárica
... A64: 999 | B64: Otros Tipos de lugar no codificados en esta clasificación
A65: Tabla - 2: TIPO DE TRABAJO
A66: 000 | B66: Ninguna información
A67: 010 | B67: Tareas de producción, transformación, tratamiento, almacenamiento -de todo tipo - Sin especificar
A68: 011 | B68: Producción, transformación, tratamiento - de todo tipo
A69: 012 | B69: Almacenamiento - de todo tipo
A70: 019 | B70: Otros Tipos de trabajo conocidos del grupo 10 pero no mencionados anteriormente
A71: 020 | B71: Labores de movimientos de tierras, construcción, mantenimiento, demolición - Sin especificar
A72: 021 | B72: Movimiento de tierras
A73: 022 | B73: Nueva construcción - edificios
A74: 023 | B74: Nueva construcción - obras de fábrica, infraestructura, carreteras, puentes, presas, puertos
A75: 024 | B75: Renovación, reparación, agregación, mantenimiento - de todo tipo de construcciones
A76: 025 | B76: Demolición de todo tipo de construcciones
A77: 029 | B77: Otros Tipos de trabajo conocidos del grupo 20 pero no mencionados anteriormente
... A101: 099 | B101: Otros Tipos de trabajo no codificados en esta clasificación
A102: Tabla - 3: ACTIVIDAD FÍSICA ESPECÍFICA
A103: 000 | B103: Ninguna información
A104: 010 | B104: Operaciones con máquinas - Sin especificar
A105: 011 | B105: Arrancar la máquina, parar la máquina
A106: 012 | B106: Alimentar la máquina, vaciar la máquina
A107: 013 | B107: Vigilar la máquina, hacer funcionar - conducir la máquina
A108: 019 | B108: Otra actividad física específica conocida del grupo 10 pero no mencionada anteriormente
A109: 020 | B109: Trabajos con herramientas manuales - Sin especificar
A110: 021 | B110: Trabajar con herramientas manuales sin motor
A111: 022 | B111: Trabajar con herramientas manuales con motor
A112: 029 | B112: Otra actividad física específica conocida del grupo 20 pero no mencionada anteriormente
A113: 030 | B113: Conducir/estar a bordo de un medio de transporte - equipo de carga - Sin especificar
A114: 031 | B114: Conducir un medio de transporte o un equipo de carga - móvil y con motor
... A142: 099 | B142: Otra actividad física específica no codificada en esta clasificac.
A143: Tabla - 4: DESVIACIÓN
A144: 000 | B144: Ninguna información
A145: 010 | B145: Desviación por problema eléctrico, explosión, fuego - Sin especificar
A146: 011 | B146: Problema eléctrico causado por fallo en la instalación - que da lugar a un contacto indirecto
A147: 012 | B147: Problema eléctrico - que da lugar a un contacto directo
A148: 013 | B148: Explosión
A149: 014 | B149: Incendio, fuego
A150: 019 | B150: Otra desviación conocida del grupo 10 pero no mencionada anteriormente
A151: 020 | B151: Desviación por desbordamiento, vuelco, escape, derrame, vaporización, emanación - Sin especificar
A152: 021 | B152: En estado de sólido - desbordamiento, vuelco
A153: 022 | B153: En estado líquido - escape, rezumamiento, derrame, salpicadura, aspersión
A154: 023 | B154: En estado gaseoso - vaporización, formación de aerosoles, formación de gases
A155: 024 | B155: Pulverulento - emanación de humos, emisión de polvo, partículas
... A195: 099 | B195: Otra Desviación no codificada en esta clasificación.
A196: Tabla- 5: FORMA CONTACTO
A197: 000 | B197: Ninguna información
A198: 010 | B198: Contacto con corriente eléctrica, fuego, temperatura o sustancias peligrosas - Sin especificar
A199: 011 | B199: Contacto indirecto con un arco eléctrico, rayo (pasivo)
A200: 012 | B200: Contacto directo con la electricidad, recibir una descarga eléctrica en el cuerpo
A201: 013 | B201: Contacto con llamas directas u objetos o entornos - con elevada temperatura o en llamas
A202: 014 | B202: Contacto con objeto o entorno - frío o helado
A203: 015 | B203: Contacto con sustancias peligrosas - a través de la nariz, la boca, por inhalación
A204: 016 | B204: Contacto con sustancias peligrosas - sobre o a través de la piel y de los ojos
A205: 017 | B205: Contacto con sustancias peligrosas - a través del sistema digestivo: tragando o comiendo
A206: 019 | B206: Otro contacto - Tipo de lesión conocido del grupo 10 pero no mencionado anteriormente
A207: 020 | B207: Ahogamiento, quedar sepultado, quedar envuelto - Sin especificar
A208: 021 | B208: Ahogamiento en un líquido
... A246: 099 | B246: Otro contacto - Tipo de lesión no codificado en la presente clasificación
A247: Tabla - 6: PARTE DEL CUERPO LESIONADA
A248: 000 | B248: Parte del cuerpo afectada, sin especificar
A249: 010 | B249: Cabeza, no descrita con más detalle
A250: 011 | B250: Cabeza (Caput), cerebro, nervios craneanos y vasos cerebrales
A251: 012 | B251: Zona facial
A252: 013 | B252: Ojo(s)
A253: 014 | B253: Oreja(s)
A254: 015 | B254: Dientes
A255: 018 | B255: Cabeza, múltiples partes afectadas
A256: 019 | B256: Cabeza, otras partes no mencionadas anteriormente
A257: 020 | B257: Cuello, incluida la columna y las vértebras cervicales
A258: 021 | B258: Cuello, incluida la columna y las vértebras del cuello
A259: 029 | B259: Cuello, otras partes no mencionadas anteriormente
... A288: 099 | B288: Otras partes del cuerpo no mencionadas anteriormente
A289: Tabla - 7: DESCRIPCIÓN DE LA LESIÓN
A290: 0 | B290: Tipo de lesión desconocida o sin especificar
A291: 010 | B291: Heridas y lesiones superficiales
...

Sheet CNAE09
A1: DESC_SECTOR | B1: COD_CNAE1 | C1: DESC_CNAE1 | D1: COD_CNAE2D | E1: DESC_CNAE2D | G1: COD_CNAE3D | H1: DESC_CNAE3D | I1: COD_CNAE4D | J1: DESC_CNAE4D
A2: Agricultura | B2: A | C2: Agricultura, ganadería, silvicultura y pesca | D2: 01 | E2: Agricultura, ganadería, caza y servicios relacionados con las mismas | F2: 1 | G2: 011 | H2: Cultivos no perennes | I2: 0111 | J2: Cultivo de cereales (excepto arroz), leguminosas y semillas oleaginosas
A3: Industria | B3: B | C3: Industrias extractivas | D3: 02 | E3: Silvicultura y explotación forestal | F3: 2 | G3: 011 | H3: Cultivos no perennes | I3: 0112 | J3: Cultivo de arroz
A4: Industria | B4: C | C4: Industria manufacturera | D4: 03 | E4: Pesca y acuicultura | F4: 3 | G4: 011 | H4: Cultivos no perennes | I4: 0113 | J4: Cultivo de hortalizas, raíces y tubérculos
A5: Industria | B5: D | C5: Suministro de energía eléctrica, gas, vapor y aire acondicionado | D5: 05 | E5: Extracción de antracita, hulla y lignito | F5: 4 | G5: 011 | H5: Cultivos no perennes | I5: 0114 | J5: Cultivo de caña de azúcar
A6: Industria | B6: E | C6: Suministro de agua, actividades de saneamiento, gestión de residuos y descontaminación | D6: 06 | E6: Extracción de crudo de petróleo y gas natural | F6: 5 | G6: 011 | H6: Cultivos no perennes | I6: 0115 | J6: Cultivo de tabaco
A7: Construcción | B7: F | C7: Construcción | D7: 08 | E7: Otras industrias extractivas | F7: 6 | G7: 011 | H7: Cultivos no perennes | I7: 0116 | J7: Cultivo de plantas para fibras textiles
A8: Servicios | B8: E | C8: Comercio al por mayor y al por menor; reparación de vehículos de motor y motocicletas | D8: 09 | E8: Actividades de apoyo a las industrias extractivas | F8: 7 | G8: 011 | H8: Cultivos no perennes | I8: 0119 | J8: Otros cultivos no perennes
A9: Servicios | B9: H | C9: Transporte y almacenamiento | D9: 10 | E9: Industria de la alimentación | F9: 8 | G9: 012 | H9: Cultivos perennes | I9: 0121 | J9: Cultivo de la vid
A10: Servicios | B10: I | C10: Hostelería | D10: 11 | E10: Fabricación de bebidas | F10: 9 | G10: 012 | H10: Cultivos perennes | I10: 0122 | J10: Cultivo de frutos tropicales y subtropicales
A11: Servicios | B11: J | C11: Información y comunicaciones | D11: 12 | E11: Industria del tabaco | F11: 10 | G11: 012 | H11: Cultivos perennes | I11: 0123 | J11: Cultivo de cítricos
A12: Servicios | B12: K | C12: Actividades financieras y de seguros | D12: 13 | E12: Industria textil | F12: 11 | G12: 012 | H12: Cultivos perennes | I12: 0124 | J12: Cultivo de frutos con hueso y pepitas
A13: Servicios | B13: L | C13: Actividades inmobiliarias | D13: 14 | E13: Confección de prendas de vestir | F13: 12 | G13: 012 | H13: Cultivos perennes | I13: 0125 | J13: Cultivo de otros árboles y arbustos frutales y frutos secos
... A24: NC | B24: Z | C24: NC | D24: 25 | E24: Fabricación de productos metálicos, excepto maquinaria y equipo | F24: 23 | G24: 014 | H24: Producción ganadera | I24: 0146 | J24: Explotación de ganado porcino
D25: 26 | E25: Fabricación de productos informáticos, electrónicos y ópticos | F25: 24 | G25: 014 | H25: Producción ganadera | I25: 0147 | J25: Avicultura
D26: 27 | E26: Fabricación de material y equipo eléctrico | F26: 25 | G26: 014 | H26: Producción ganadera | I26: 0149 | J26: Otras explotaciones de ganado
D27: 28 | E27: Fabricación de maquinaria y equipo n.c.o.p. | F27: 26 | G27: 015 | H27: Producción agrícola combinada con la producción ganadera | I27: 0150 | J27: Producción agrícola combinada con la producción ganadera
D28: 29 | E28: Fabricación de vehículos de motor, remolques y semirremolques | F28: 27 | G28: 016 | H28: Actividades de apoyo a la agricultura, a la ganadería y de preparación posterior a la cosecha | I28: 0161 | J28: Actividades de apoyo a la agricultura
D29: 30 | E29: Fabricación de otro material de transporte | F29: 29 | G29: 016 | H29: Actividades de apoyo a la agricultura, a la ganadería y de preparación posterior a la cosecha | I29: 0162 | J29: Actividades de apoyo a la ganadería
D30: 31 | E30: Fabricación de muebles | F30: 30 | G30: 016 | H30: Actividades de apoyo a la agricultura, a la ganadería y de preparación posterior a la cosecha | I30: 0163 | J30: Actividades de preparación posterior a la cosecha
D31: 32 | E31: Otras industrias manufactureras | F31: 31 | G31: 016 | H31: Actividades de apoyo a la agricultura, a la ganadería y de preparación posterior a la cosecha | I31: 0164 | J31: Tratamiento de semillas para reproducción
D32: 33 | E32: Reparación e instalación de maquinaria y equipo | F32: 32 | G32: 017 | H32: Caza, captura de animales y servicios relacionados con las mismas | I32: 0170 | J32: Caza, captura de animales y servicios relacionados con las mismas
D33: 35 | E33: Suministro de energía eléctrica, gas, vapor y aire acondicionado | F33: 33 | G33: 021 | H33: Silvicultura y otras actividades forestales | I33: 0210 | J33: Silvicultura y otras actividades forestales
D34: 36 | E34: Captación, depuración y distribución de agua | F34: 34 | G34: 022 | H34: Explotación de la madera | I34: 0220 | J34: Explotación de la madera
D35: 37 | E35: Recogida y tratamiento de aguas residuales | F35: 35 | G35: 023 | H35: Recolección de productos silvestres, excepto madera | I35: 0230 | J35: Recolección de productos silvestres, excepto madera
D36: 38 | E36: Recogida, tratamiento y eliminación de residuos; valorización | F36: 36 | G36: 024 | H36: Servicios de apoyo a la silvicultura | I36: 0240 | J36: Servicios de apoyo a la silvicultura
... D59: 60 | E59: Actividades de programación y emisión de radio y televisión | F59: 61 | G59: 102 | H59: Procesado y conservación de pescados, crustáceos y moluscos | I59: 1021 | J59: Procesado de pescados, crustáceos y moluscos
D60: 61 | E60: Telecomunicaciones | G60: 102 | H60: Procesado y conservación de pescados, crustáceos y moluscos | I60: 1022 | J60: Fabricación de conservas de pescado
D61: 62 | E61: Programación, consultoría y otras actividades relacionadas con la informática | G61: 103 | H61: Procesado y conservación de frutas y hortalizas | I61: 1031 | J61: Procesado y conservación de patatas
D62: 63 | E62: Servicios de información | G62: 103 | H62: Procesado y conservación de frutas y hortalizas | I62: 1032 | J62: Elaboración de zumos de frutas y hortalizas
D63: 64 | E63: Servicios financieros, excepto seguros y fondos de pensiones | G63: 103 | H63: Procesado y conservación de frutas y hortalizas | I63: 1039 | J63: Otro procesado y conservación de frutas y hortalizas
D64: 65 | E64: Seguros, reaseguros y fondos de pensiones, excepto Seguridad Social obligatoria | G64: 104 | H64: Fabricación de aceites y grasas vegetales y animales | I64: 1042 | J64: Fabricación de margarina y grasas comestibles similares
D65: 66 | E65: Actividades auxiliares a los servicios financieros y a los seguros | G65: 104 | H65: Fabricación de aceites y grasas vegetales y animales | I65: 1043 | J65: Fabricación de aceite de oliva
D66: 68 | E66: Actividades inmobiliarias | G66: 104 | H66: Fabricación de aceites y grasas vegetales y animales | I66: 1044 | J66: Fabricación de otros aceites y grasas
D67: 69 | E67: Actividades jurídicas y de contabilidad | G67: 105 | H67: Fabricación de productos lácteos | I67: 1052 | J67: Elaboración de helados
D68: 70 | E68: Actividades de las sedes centrales; actividades de consultoría de gestión empresarial | G68: 105 | H68: Fabricación de productos lácteos | I68: 1053 | J68: Fabricación de quesos
D69: 71 | E69: Servicios técnicos de arquitectura e ingeniería; ensayos y análisis técnicos | G69: 105 | H69: Fabricación de productos lácteos | I69: 1054 | J69: Preparación de leche y otros productos lácteos
D70: 72 | E70: Investigación y desarrollo | G70: 106 | H70: Fabricación de productos de molinería, almidones y productos amiláceos | I70: 1061 | J70: Fabricación de productos de molinería
D71: 73 | E71: Publicidad y estudios de mercado | G71: 106 | H71: Fabricación de productos de molinería, almidones y productos amiláceos | I71: 1062 | J71: Fabricación de almidones y productos amiláceos
... D95: 100 | E95: NC | G95: 139 | H95: Fabricación de otros productos textiles | I95: 1391 | J95: Fabricación de tejidos de punto
G96: 139 | H96: Fabricación de otros productos textiles | I96: 1392 | J96: Fabricación de artículos confeccionados con textiles, excepto prendas de vestir
G97: 139 | H97: Fabricación de otros productos textiles | I97: 1393 | J97: Fabricación de alfombras y moquetas
G98: 139 | H98: Fabricación de otros productos textiles | I98: 1394 | J98: Fabricación de cuerdas, cordeles, bramantes y redes
G99: 139 | H99: Fabricación de otros productos textiles | I99: 1395 | J99: Fabricación de telas no tejidas y artículos confeccionados con ellas, excepto prendas de vestir
G100: 139 | H100: Fabricación de otros productos textiles | I100: 1396 | J100: Fabricación de otros productos textiles de uso técnico e industrial
G101: 139 | H101: Fabricación de otros productos textiles | I101: 1399 | J101: Fabricación de otros productos textiles n.c.o.p.
G102: 141 | H102: Confección de prendas de vestir, excepto de peletería | I102: 1411 | J102: Confección de prendas de vestir de cuero
G103: 141 | H103: Confección de prendas de vestir, excepto de peletería | I103: 1412 | J103: Confección de ropa de trabajo
G104: 141 | H104: Confección de prendas de vestir, excepto de peletería | I104: 1413 | J104: Confección de otras prendas de vestir exteriores
G105: 141 | H105: Confección de prendas de vestir, excepto de peletería | I105: 1414 | J105: Confección de ropa interior
G106: 141 | H106: Confección de prendas de vestir, excepto de peletería | I106: 1419 | J106: Confección de otras prendas de vestir y accesorios
G107: 142 | H107: Fabricación de artículos de peletería | I107: 1420 | J107: Fabricación de artículos de peletería
... G632: 999 | H632: NC | I632: 9999 | J632: NC

Sheet CNO11
A1: 1 | B1: Directores y gerentes
A2: A | B2: Directores y gerentes
A3: 11 | B3: Miembros del poder ejecutivo y de los cuerpos legislativos; directivos de la Administración Pública y organizaciones de interés social; directores ejecutivos
A4: 111 | B4: Miembros del poder ejecutivo y de los cuerpos legislativos; directivos de la Administración Pública y organizaciones de interés social
A5: 1111 | B5: Miembros del poder ejecutivo (nacional, autonómico y local) y del poder legislativo
A6: 1112 | B6: Personal directivo de la Administración Pública
A7: 1113 | B7: Directores de organizaciones de interés social
A8: 112 | B8: Directores generales y presidentes ejecutivos
A9: 1120 | B9: Directores generales y presidentes ejecutivos
A10: 12 | B10: Directores de departamentos administrativos y comerciales
A11: 121 | B11: Directores de departamentos administrativos
A12: 1211 | B12: Directores financieros
A13: 1212 | B13: Directores de recursos humanos
A14: 1219 | B14: Directores de políticas y planificación y de otros departamentos administrativos no clasificados bajo otros epígrafes
A15: 122 | B15: Directores comerciales, de publicidad, relaciones públicas y de investigación y desarrollo
A16: 1221 | B16: Directores comerciales y de ventas
A17: 1222 | B17: Directores de publicidad y relaciones públicas
A18: 1223 | B18: Directores de investigación y desarrollo
A19: 13 | B19: Directores de producción y operaciones
... A26: 1316 | B26: Directores de empresas de construcción
A27: 132 | B27: Directores de servicios de tecnologías de la información y las comunicaciones (TIC) y de empresas de servicios profesionales
A28: 1321 | B28: Directores de servicios de tecnologías de la información y las comunicaciones (TIC)
A29: 1322 | B29: Directores de servicios sociales para niños
A30: 1323 | B30: Directores-gerentes de centros sanitarios
A31: 1324 | B31: Directores de servicios sociales para personas mayores
A32: 1325 | B32: Directores de otros servicios sociales
A33: 1326 | B33: Directores de servicios de educación
A34: 1327 | B34: Directores de sucursales de bancos, de servicios financieros y de seguros
A35: 1329 | B35: Directores de otras empresas de servicios profesionales no clasificados bajo otros epígrafes
A36: 14 | B36: Directores y gerentes de empresas de alojamiento, restauración y comercio
A37: 141 | B37: Directores y gerentes de empresas de alojamiento
A38: 1411 | B38: Directores y gerentes de hoteles
A39: 1419 | B39: Directores y gerentes de otras empresas de servicios de alojamiento
... A42: 1422 | B42: Directores y gerentes de bares, cafeterías y similares
A43: 1429 | B43: Directores y gerentes de empresas de catering y otras empresas de restauración
A44: 143 | B44: Directores y gerentes de empresas de comercio al por mayor y al por menor
A45: 1431 | B45: Directores y gerentes de empresas de comercio al por mayor
A46: 1432 | B46: Directores y gerentes de empresas de comercio al por menor
A47: 15 | B47: Directores y gerentes de otras empresas de servicios no clasificados bajo otros epígrafes
A48: 150 | B48: Directores y gerentes de otras empresas de servicios no clasificados bajo otros epígrafes
A49: 1501 | B49: Directores y gerentes de empresas de actividades recreativas, culturales y deportivas
A50: 1509 | B50: Directores y gerentes de empresas de gestión de residuos y de otras empresas de servicios no clasificados bajo otros epígrafes
A51: 2 | B51: Técnicos y profesionales científicos e intelectuales
A52: B | B52: Técnicos y profesionales científicos e intelectuales de la salud y la enseñanza
A53: 21 | B53: Profesionales de la salud
A54: 211 | B54: Médicos
A55: 2111 | B55: Médicos de familia
A56: 2112 | B56: Otros médicos especialistas
A57: 212 | B57: Profesionales de enfermería y partería
A58: 2121 | B58: Enfermeros no especializados
A59: 2122 | B59: Enfermeros especializados (excepto matronos)
A60: 2123 | B60: Matronos
A61: 213 | B61: Veterinarios
A62: 2130 | B62: Veterinarios
A63: 214 | B63: Farmacéuticos
A64: 2140 | B64: Farmacéuticos
A65: 215 | B65: Otros profesionales de la salud
A66: 2151 | B66: Odontólogos y estomatólogos
A67: 2152 | B67: Fisioterapeutas
A68: 2153 | B68: Dietistas y nutricionistas
A69: 2154 | B69: Logopedas
A70: 2155 | B70: Ópticos-optometristas
A71: 2156 | B71: Terapeutas ocupacionales
A72: 2157 | B72: Podólogos
... A74: 2159 | B74: Profesionales de la salud no clasificados bajo otros epígrafes
A75: 22 | B75: Profesionales de la enseñanza infantil, primaria, secundaria y postsecundaria
A76: 221 | B76: Profesores de universidades y otra enseñanza superior (excepto formación profesional)
A77: 2210 | B77: Profesores de universidades y otra enseñanza superior (excepto formación profesional)
A78: 222 | B78: Profesores de formación profesional (materias específicas)
A79: 2220 | B79: Profesores de formación profesional (materias específicas)
A80: 223 | B80: Profesores de enseñanza secundaria (excepto materias específicas de formación profesional)
A81: 2230 | B81: Profesores de enseñanza secundaria (excepto materias específicas de formación profesional)
A82: 224 | B82: Profesores de enseñanza primaria
A83: 2240 | B83: Profesores de enseñanza primaria
A84: 225 | B84: Maestros y educadores de enseñanza infantil
A85: 2251 | B85: Maestros de educación infantil
A86: 2252 | B86: Técnicos en educación infantil
A87: 23 | B87: Otros profesionales de la enseñanza
A88: 231 | B88: Profesores y técnicos de educación especial
A89: 2311 | B89: Profesores de educación especial
... A99: C | B99: Otros técnicos y profesionales científicos e intelectuales
A100: 24 | B100: Profesionales de la ciencias físicas, químicas, matemáticas y de las ingenierías
A101: 241 | B101: Físicos, químicos, matemáticos y afines
A102: 2411 | B102: Físicos y astrónomos
A103: 2412 | B103: Meteorólogos
A104: 2413 | B104: Químicos
A105: 2414 | B105: Geólogos y geofísicos
A106: 2415 | B106: Matemáticos y actuarios
A107: 2416 | B107: Estadísticos
A108: 242 | B108: Profesionales en ciencias naturales
A109: 2421 | B109: Biólogos, botánicos, zoólogos y afines
A110: 2422 | B110: Ingenieros agrónomos
A111: 2423 | B111: Ingenieros de montes
... A217: 2939 | B217: Artistas creativos e interpretativos no clasificados bajo otros epígrafes
A218: 3 | B218: Técnicos; profesionales de apoyo
A219: D | B219: Técnicos; profesionales de apoyo
A220: 31 | B220: Técnicos de las ciencias y de las ingenierías
A221: 311 | B221: Delineantes y dibujantes técnicos
A222: 3110 | B222: Delineantes y dibujantes técnicos
A223: 312 | B223: Técnicos de las ciencias físicas, químicas, medioambientales y de las ingenierías
...

Sheet ATR-FN
A1: ACCIDENTES DE TRABAJO
A3: FUENTES Y NOTAS EXPLICATIVAS
A5: Fuentes de información:
A6: La información de accidentes de trabajo procede de la explotación mensual que efectúan conjuntamente el Observatorio de Accidentes de Trabajo y Enfermedades Profesionales de La Rioja y el Instituto Riojano de Estadística de los partes de accidentes de trabajo notificados a través del sistema Delt@ en nuestra comunidad autónoma.
A7: Los datos que se ofrecen son provisionales de avance de los datos que se incluirán en la publicación anual "Análisis de la siniestralidad laboral en La Rioja" que se incorporarán en su día a la página web www.larioja.org/irsal
A8: Notas generales:
A9: Para los casos de accidentes de trabajo con baja, se contabilizan los casos de accidentes cuya fecha de baja está comprendida dentro del periodo de referencia. Se excluyen aquellas notificaciones de accidente que tienen la consideración de recaídas, que se tratan siempre por separado. Los datos sobre recaídas se incluyen únicamente en las publicaciones anuales de datos definitivos.
A10: Según el lugar de ocurrencia de los accidentes de trabajo, éstos pueden tener lugar durante la jornada laboral (ya sea en el propio centro donde el trabajador está afiliado a la Seguridad Social, en otro centro de trabajo o en desplazamiento) o al ir o volver del trabajo (accidentes in itinere).
A11: Según el dictamen facultativo, que figura en el parte médico de baja, los accidentes se clasifican según su gravedad en leves, graves (incluidos los muy graves) y mortales.
A12: Las tablas de la presente publicación se dividen en los siguientes apartados:
B13: - CUADROS RESUMEN Principales datos y comparativa con los resultados obtenidos en el mismo periodo del año anterior. - ACCIDENTES DE TRABAJO CON BAJA, EN JORNADA E IN ITINERE, SEGÚN GRAVEDAD Tablas de datos desglosados por las principales variables: sección y división de actividad económica; sexo y edad de la víctima; grandes grupos de ocupación; tipo de lugar donde se encontraba el trabajador accidentado; actividad física específica que realizaba la víctima; desviación que desencadenó el accidente; forma o contacto que produjo la lesión; descripción de la lesión y parte del cuerpo lesionada. - ACCIDENTES DE TRABAJO CON BAJA, SEGÚN SECCIÓN DE ACTIVIDAD ECONÓMICA Tablas de datos de totales de accidentes en jornada e in itinere cruzando las variables sección de actividad económica. - ÍNDICES DE INCIDENCIA DE ACCIDENTES DE TRABAJO EN JORNADA Índices de incidencia por sector y sección de actividad económica.
A15: Notas a distintos cuadros: | J15: Volver al índice
A16: ATR-R1 y ATR-I2 (cálculo de índices de incidencia): Para el cálculo de los índices de incidencia se utiliza la siguiente fórmula:
A18: Los afiliados a la Seguridad Social con la contingencia de accidente de trabajo específicamente cubierta se refiere a los afiliados pertenecientes a los siguientes regímenes de la Seguridad Social:
B19: - Régimen General de la Seguridad Social (cobertura obligatoria), incluidos los trabajadores en periodos de actividad del Sistema Especial para Trabajadores por Cuenta Ajena Agrarios y los trabajadores del Sistema Especial para Empleados de Hogar. No se contabilizan los afiliados en periodos de inactividad del Sistema Especial para Trabajadores por Cuenta Ajena Agrarios. Tampoco se contabilizan los funcionarios afiliados al Régimen General de la Seguridad Social afectados por la disposición adicional tercera del texto refundido de la Ley General de la Seguridad Social aprobado por el Real Decreto Legislativo 8/2015, de 30 de octubre, debido a que la gestión de las contingencias profesionales de este colectivo se lleva a cabo a través de las mutualidades de funcionarios (MUFACE, ISFAS y MUGEJU). - Régimen Especial de la Minería del Carbón (cobertura obligatoria). - Régimen Especial de Trabajadores del Mar (cobertura obligatoria). - Régimen Especial de Trabajadores Autónomos (cobertura voluntaria, excepto para los autónomos económicamente dependientes para los que esta cobertura es obligatoria).
A20: Para el cálculo de los índices de incidencia se considera el dato de afiliación media, obtenido como media de los datos mensuales referidos a último día de mes, en los meses que intervienen en cada periodo de referencia.
A21: ATR-A5, ATR-A6, ATR-A7, ATR-A8, ATR-A9 y ATR-A10 (causas y circunstancias de los accidentes): Estos cuadros clasifican la información según las variables sobre causas y circunstancias que ocurrieron en el accidente de trabajo. La inclusión de estas variables de causas y circunstancias responde, por una parte, a la necesidad de conocer cómo se producen los accidentes y, por otra, a las necesidades de armonización de las estadísticas en el ámbito de la Unión Europea establecidas por la Oficina Estadística de la UE (EUROSTAT) y a las recomendaciones de la OIT. Los códigos utilizados son los establecidos por dicha Oficina. Estas variables son las siguientes:
B22: - Tipo de lugar (ATR-A5): Entorno general o del local de trabajo en el que se encontraba el trabajador inmediatamente antes de producirse el accidente. - Actividad física específica (ATR-A6): Actividad concreta que realizaba la víctima inmediatamente antes de producirse el accidente. Por ejemplo, desplazamiento por la obra, manipular un objeto, etc. - Desviación (ATR-A7): Suceso o hecho anormal que ha interferido negativamente en el proceso normal de ejecución del trabajo y que ha dado lugar a que se produzca el accidente. Por ejemplo, desprendimiento o caída de objetos, bloqueo de una máquina, caída de herramienta manual de corte, etc. - Forma o contacto que ocasionó la lesión (ATR-A8): Modo en que el trabajador ha resultado lesionado. Por ejemplo, caídas, contacto con herramienta manual cortante, etc. Se han incluido los accidentes de tráfico como un epígrafe más de la clasificación, dadas las especiales características de estos accidentes. - Descripción de la lesión (ATR-A9): Tipo de lesión sufrida por el accidentado, según conste en el parte médico de baja. - Parte del cuerpo lesionada (ATR-A10): Parte del cuerpo afectada por la lesión sufrida por la víctima.
A24: Clasificaciones estadísticas de actividad económica y ocupación utilizadas:
B25: - CLASIFICACIÓN NACIONAL DE ACTIVIDADES ECONÓMICAS (CNAE-2009): Vigente desde 1 de enero de 2009, según establece el Real Decreto 475/2007, de 13 de abril. - CLASIFICACIÓN NACIONAL DE OCUPACIONES (CNO-2011): Vigente desde 1 de enero de 2011, según establece el Real Decreto 1591/2010, de 26 de noviembre.
B26: Puede obtener información acerca de estas clasificaciones en la página web del Instituto Nacional de Estadística (www.ine.es)
